Cogmind - Beta 16.1 @@@ ROGUE MODE // 2026.03.16 @ 20:32:25 Player: AngelSpirit Result: Escaped! Performance ------------- Evolutions (9) 4500 Regions Visited (35) 7000 Robots Destroyed (261) 1305 Value Destroyed (12675) 12675 Prototype IDs (143) 2860 Alien Tech Used (1) 200 Bonus (17031) 17031 TOTAL SCORE: 45571 Bonus ------- High Alert Combat Kills 176 Follower Combat Kills 2056 Hunted by Unchained 500 Network Hubs Disabled 800 Aligned with FarCom 300 Met Data Miner 300 Met Warlord at Base 500 MAIN.C Attacked Warlord 500 Warlord Defense Kills 2148 Met R17 at Cetus 500 Met Warlord at Research 2000 Invited to Help at Command 2000 Destroyed MAIN.C Guards 500 Met Warlord at Command 2000 Win 3000 Friendly Fire -249 Cogmind --------- Core Integrity 1119/1600 Matter 46/300 Energy 92/350 System Corruption 2% Temperature Cool (13) Movement Flying (23) Location To Epsilon Eridani Parts ------- > --- POWER (2) -------- Improved Quantum Reactor > --- PROPULSION (7) --- Electron Diverter Electron Diverter Improved Diametric Drive Improved Diametric Drive > --- UTILITY (14) ----- Experimental Cooling System Experimental Coolant Injector Spectral Analyzer Advanced Targeting Computer Advanced Targeting Computer Improved Launcher Guidance Computer Experimental Core Analyzer Improved Corruption Screen > --- WEAPON (3) ------- Vortex Shotgun > --- INVENTORY (5) ---- Advanced Surge Thruster Cooled Field Propulsion Drive Peak State ------------ > --- POWER ------------ Vortex Chain Reactor > --- PROPULSION ------- Cooled Field Propulsion Drive Cooled Field Propulsion Drive Diametric Drive Improved Diametric Drive Improved Diametric Drive Improved Diametric Drive Experimental Q-thruster > --- UTILITY ---------- Advanced Cooling System Quantum Shading Machine Spectral Analyzer Long-range Terrain Scanner Advanced Terrain Scan Processor Experimental Core Analyzer Advanced Weapon Cycler Advanced Cloaking Device Experimental Propulsion Shielding Graphene Brace Improved Hacking Suite Improved Hacking Suite Advanced Hacking Suite Advanced Hacking Suite > --- WEAPON ----------- Hypervelocity Railgun Hypervelocity Railgun Plasma Lance > --- INVENTORY -------- Advanced Trap Extractor Vortex Shotgun Hypervelocity Railgun Hypervelocity Railgun Hellfire Missile Launcher [Rating: 206] Favorites ----------- Power Light Angular Momentum Engine Engine Light Angular Momentum Engine Power Core Light Neutrino Core Reactor Light Antimatter Reactor Propulsion Cooled Field Propulsion Drive Flight Unit Cooled Field Propulsion Drive Utility Makeshift Hacking Suite Device Quantum Shading Machine Storage Advanced Matter Compressor Processor Advanced Visual Processing Unit Hackware Makeshift Hacking Suite Protection Improved Propulsion Shielding Weapon Hypervelocity Mass Driver Energy Gun High-powered Shock Rifle Energy Cannon Matter Neutralizer Ballistic Gun Hypervelocity Railgun Ballistic Cannon Hypervelocity Mass Driver Launcher Advanced Concussive RPG Special Weapon Improved Remote Datajack Impact Weapon Heavy Flail Slashing Weapon Vibroblade Piercing Weapon Plasma Lance Special Melee Weapon Advanced Datajack Build | -11 -10 -10 -9 -9 -9 -8 -8 -8 -8 -8 -6 -6 -6 -6 -6 -6 -5 -5 -5 -5 -5 -5 -5 -5 -4 -4 -4 -4 -4 -4 -3 -3 -2 -1 -1 ------- Run | Yrd Mat Min Mat Min Exi Min Mat Sto Rec Scr Fac Was Fac Low Low Dat Pro Fac Was Fac Ext Cet Arc Hub Fac Was Fac Upp Upp War Pro Res Res Acc Com Slots Evolved 18 | . . . 2 . . . 2 . . . 4 . . . . . . 2 . . . . . . 2 . . . . . . 2 2 2 . Power 1 | . . . . . . . . . . . . . . . . . . . . . . . . . 1 . . . . . . . . . . Propulsion 5 | . . . . . . . . . . . . . . . . . . . . . . . . . 1 . . . . . . 2 1 1 . Utility 12 | . . . 2 . . . 2 . . . 4 . . . . . . 2 . . . . . . . . . . . . . . 1 1 . Weapon . | . . . . . . . . . . . . . . . . . . . . . . . . . . . . . . . . . . . . Parts Attached 272 | 3 9 6 10 3 1 1 14 3 7 3 2 7 15 14 . . 1 18 . 3 5 2 10 . 2 . 22 4 4 16 2 29 16 11 29 Power 32 | . 2 1 . 1 . . . . 2 . . 1 3 1 . . . 3 . . 1 . 3 . . . . 1 . 3 1 4 1 . 4 Engine 12 | . 2 1 . 1 . . . . 2 . . . 1 1 . . . . . . 1 . 2 . . . . . . 1 . . . . . Core 8 | . . . . . . . . . . . . 1 2 . . . . 3 . . . . . . . . . 1 . . . . . . 1 Reactor 12 | . . . . . . . . . . . . . . . . . . . . . . . 1 . . . . . . 2 1 4 1 . 3 Propulsion 30 | . 2 2 . 2 . . 4 2 . . . 1 3 2 . . . . . . . . . . . . 3 . . 2 . 3 1 3 . Treads . | . . . . . . . . . . . . . . . . . . . . . . . . . . . . . . . . . . . . Leg . | . . . . . . . . . . . . . . . . . . . . . . . . . . . . . . . . . . . . Wheel . | . . . . . . . . . . . . . . . . . . . . . . . . . . . . . . . . . . . . Hover . | . . . . . . . . . . . . . . . . . . . . . . . . . . . . . . . . . . . . Flight 30 | . 2 2 . 2 . . 4 2 . . . 1 3 2 . . . . . . . . . . . . 3 . . 2 . 3 1 3 . Utility 134 | 1 3 1 8 . . 1 3 1 4 2 2 4 5 8 . . 1 11 . 3 1 . 7 . 1 . 12 2 4 7 . 13 9 7 13 Device 57 | 1 1 1 3 . . . 1 1 1 2 . 1 4 1 . . 1 5 . 1 . . 2 . 1 . 7 . . 2 . 5 3 6 7 Storage 1 | . . . . . . . . . . . . . . . . . . . . . . . . . . . 1 . . . . . . . . Processor 35 | . 2 . 2 . . 1 1 . 1 . 1 . 1 . . . . 3 . 1 . . . . . . 2 2 4 3 . 4 2 . 5 Hackware 22 | . . . 1 . . . . . 1 . 1 . . 4 . . . 2 . 1 . . 5 . . . 1 . . 1 . 2 3 . . Protection 19 | . . . 2 . . . 1 . 1 . . 3 . 3 . . . 1 . . 1 . . . . . 1 . . 1 . 2 1 1 1 Artifact . | . . . . . . . . . . . . . . . . . . . . . . . . . . . . . . . . . . . . Weapon 76 | 2 2 2 2 . 1 . 7 . 1 1 . 1 4 3 . . . 4 . . 3 2 . . 1 . 7 1 . 4 1 9 5 1 12 Energy Gun 12 | . . . . . . . 2 . . . . . 2 . . . . . . . . 1 . . . . . . . 1 . . 1 . 5 Energy Cannon 5 | . . . . . 1 . . . . 1 . . . . . . . . . . . . . . . . 1 . . 1 . . . . 1 Ballistic Gun 21 | 2 2 2 . . . . 2 . . . . . . 1 . . . . . . 1 1 . . . . . . . . . 3 2 1 4 Ballistic Cannon 10 | . . . . . . . 1 . . . . 1 . . . . . 2 . . 2 . . . . . 1 . . . . 2 1 . . Launcher 8 | . . . 1 . . . 1 . . . . . . 1 . . . . . . . . . . . . 1 . . . 1 2 . . 1 Special Weapon 3 | . . . . . . . . . . . . . . . . . . . . . . . . . . . . 1 . 2 . . . . . Impact Weapon 4 | . . . 1 . . . 1 . . . . . 1 . . . . . . . . . . . . . . . . . . 1 . . . Slashing Weapon 9 | . . . . . . . . . 1 . . . 1 1 . . . 2 . . . . . . . . 3 . . . . . . . 1 Piercing Weapon 2 | . . . . . . . . . . . . . . . . . . . . . . . . . . . . . . . . 1 1 . . Special Melee Weapon 2 | . . . . . . . . . . . . . . . . . . . . . . . . . 1 . 1 . . . . . . . . Unidentified Prototypes 41 | . . 1 . . . . 2 1 . . . 1 7 1 1 . . 3 . . . 2 . . . . 4 . . 7 . 7 3 . 1 Parts Lost 52 | . 1 1 . 1 . 1 2 . . . . . 6 2 . . . 1 . . 4 1 . 1 . . . 3 . 1 2 . 2 2 21 Power 10 | . . . . 1 . . 1 . . . . . 2 . . . . . . . . 1 . . . . . 1 . . 1 . . . 3 Propulsion 4 | . . . . . . . 1 . . . . . . . . . . . . . . . . . . . . . . . . . . . 3 Utility 27 | . 1 1 . . . . . . . . . . 4 1 . . . 1 . . 3 . . 1 . . . 2 . 1 1 . 2 1 8 Weapon 11 | . . . . . . 1 . . . . . . . 1 . . . . . . 1 . . . . . . . . . . . . 1 7 Highest Loss Streak 11 | . 1 1 . 1 . 1 1 . . . . . 5 1 . . . 1 . . 3 1 . 1 . . . 3 . 1 2 . 1 1 11 To Critical Strikes 1 | . . . . . . . . . . . . . . . . . . . . . . . . . . . . . . . . . . 1 . Average Backups 4 | . 2 3 2 4 4 4 4 4 4 4 3 4 4 4 4 4 4 4 5 5 5 4 4 5 5 4 4 5 5 5 4 4 4 4 4 Power . | . 1 . . . . 1 1 1 1 . . . . . . . . . . . . . . 1 1 1 . . . . . . . . . Propulsion . | . . 1 . . 1 1 . . . . . . 1 . . . . . . . . . . . . . . . . . 1 . . . 1 Utility 1 | . . 2 . . . 1 1 1 1 2 1 1 . 2 3 3 3 1 2 2 2 2 2 2 2 1 2 2 2 1 1 1 . 1 . Weapon 1 | . . . . 2 1 1 2 2 2 1 1 1 2 1 1 1 1 1 1 1 1 1 1 1 1 1 1 1 2 2 2 2 3 2 1 Tool/Special . | . . . . . . . . . . . . . . . . . . . . . . . . . . . . . . . . . . . . Unused Backups 24 | . . 1 . 1 . . . . 2 2 . . 3 . . . 2 2 . . 1 . 1 . . . . . . . . 3 . 1 5 Power 10 | . . 1 . . . . . . . 1 . . . . . . . 1 . . . . 1 . . . . . . . . 2 . . 4 Propulsion 3 | . . . . . . . . . . . . . 2 . . . . . . . . . . . . . . . . . . . . . 1 Utility 6 | . . . . . . . . . 2 1 . . . . . . 2 . . . . . . . . . . . . . . . . 1 . Weapon 2 | . . . . . . . . . . . . . . . . . . 1 . . . . . . . . . . . . . 1 . . . Tool/Special 3 | . . . . 1 . . . . . . . . 1 . . . . . . . 1 . . . . . . . . . . . . . . Average Slot Usage (%) 90 | . 60 97 97 99 93 87 79 62 97 99 84 85 91 91 93 93 93 92 94 92 79 77 86 92 85 89 93 89 99 99 82 92 89 94 91 Engine 4 | . 3 14 11 10 11 11 8 . 8 9 6 3 1 3 6 6 6 2 . . 3 2 2 5 5 5 9 7 5 4 . . . . . Core 1 | . . . . . . . . . . . . 2 4 . . . . 2 5 5 1 2 2 . . . . . 5 3 . . . . . Reactor 1 | . . . . . . . . . . . . . . . . . . . . . . . . . . . . . . 1 5 8 4 3 5 Flight 16 | . 4 28 22 22 22 22 17 16 18 18 13 13 13 13 12 12 12 11 11 11 11 11 11 11 10 10 12 15 15 15 15 21 22 25 25 Device 13 | . 17 19 25 24 15 11 10 9 18 17 13 13 12 12 12 12 12 10 11 12 8 5 6 5 6 11 13 13 10 10 10 10 13 22 21 Processor 13 | . 5 6 2 . . 3 17 18 18 18 18 20 19 13 12 12 12 15 16 17 11 11 11 11 10 10 6 5 19 15 15 17 18 11 20 Hackware 19 | . . . 9 11 11 11 9 9 16 18 20 20 20 26 25 25 25 26 27 23 22 22 29 38 35 33 30 27 25 24 18 17 12 14 5 Protection 6 | . . . 4 8 11 11 8 . . . . 3 12 11 11 12 11 11 11 11 9 11 11 9 5 5 6 5 5 9 9 4 4 2 1 Ballistic Gun 3 | . 28 28 20 21 22 18 3 . . . . . . . . . . . . . . . . . . . . . . . . 4 8 7 3 Ballistic Cannon 2 | . . . . . . . 1 . . 8 6 2 . 1 5 6 5 4 5 5 4 5 5 5 5 5 4 5 5 4 4 1 . . . Impact Weapon 1 | . . . . . . . . 9 9 9 6 6 5 . . . . . . . . . . . . . . . . . . . . . . Slashing Weapon 3 | . . . . . . . . . 8 . . . . 6 6 6 6 5 5 5 4 5 5 5 5 5 7 7 5 5 4 2 . . . Peak Build Rating 206 | 3 8 15 23 22 31 14 25 23 33 35 42 58 65 80 78 78 80 106 106 106 102 90 97 97 105 105 125 118 121 140 124 167 193 206 203 Average Rating 96 | 2 4 11 18 21 16 13 20 19 32 34 41 47 58 71 77 78 78 94 106 104 89 81 90 96 102 104 116 111 119 132 120 154 175 201 185 On Entrance 74 | . 3 8 14 21 22 13 14 20 23 33 34 42 58 52 78 78 78 78 106 106 102 81 83 97 94 105 104 118 113 120 124 114 159 186 203 Avg Prop Armor Cover (%) 2 | . . . . . . . . . 7 . . 6 . . . . . . . . . . . . . . . . . 7 . . 2 . 3 Naked Turns . | . . . . . . . . . . . . . . . . . . . . . . . . . . . . . . . . . . . . Heaviest Build 76 | 3 6 7 10 10 10 9 16 4 9 16 16 18 20 31 30 30 30 36 33 34 34 31 32 31 33 34 42 34 32 41 41 51 63 76 68 Greatest Support 71 | 3 9 8 10 10 10 10 10 16 16 16 16 18 21 34 34 34 34 34 34 40 34 34 34 34 34 34 43 41 41 41 41 56 61 71 71 Greatest Overweight (x) 3 | . 1 . . . . . 3 . 2 . . . . . 2 . . 2 . . . . . . . . . . . 1 . . 1 1 1 Average Overweight (x) . | . . . . . . . . . . . . . . . . . . . . . . . . . . . . . . . . . . . . Largest Inventory Capacity 5 | 5 5 5 5 5 5 5 5 5 5 5 5 5 5 5 5 5 5 5 5 5 5 5 5 5 5 5 5 5 5 5 5 5 5 5 5 Average Capacity 5 | 5 5 5 5 5 5 5 5 5 5 5 5 5 5 5 5 5 5 5 5 5 5 5 5 5 5 5 5 5 5 5 5 5 5 5 5 Most Carried 5 | 1 5 5 5 5 5 5 5 5 5 5 4 5 5 5 4 4 5 5 5 5 5 5 5 5 5 5 5 5 5 5 5 5 5 5 5 Average Carried 4 | . 2 4 3 4 4 4 4 4 4 4 3 4 4 4 4 4 4 4 5 5 4 4 4 5 5 4 4 5 4 4 4 4 4 4 4 Final Capacity 5 | 5 5 5 5 5 5 5 5 5 5 5 5 5 5 5 5 5 5 5 5 5 5 5 5 5 5 5 5 5 5 5 5 5 5 5 5 Final Carried 5 | 1 5 3 5 5 5 5 4 4 5 5 3 4 5 4 4 4 5 5 5 5 5 5 5 5 5 4 5 5 5 5 5 5 5 4 2 Class Distribution -------------------- 25% | Hacker-Scout 15% | Hacker-Mutant 11% | Hacker-Ninja 10% | Wizard-Mutant 8% | Scavenger-Scout 6% | Scavenger-Mutant 5% | Wizard-Sprinter Dominant Class ---------------- Mutant | -10/Materials Scavenger-Mutant | -10/Mines Scavenger-Scout | -9/Materials Scavenger-Mutant | -9/Mines Scavenger-Mutant | -9/Exiles Scavenger-Scout | -8/Mines Scavenger-Scout | -8/Materials Scavenger-Scout | -8/Storage Commander-Scout | -8/Recycling Commander-Mutant | -8/Scraptown Commander-Scout | -6/Factory Hacker-Scout | -6/Waste Hacker-Scout | -6/Factory Hacker-Mutant | -6/Lower Caves Hacker-Mutant | -6/Lower Caves Hacker-Mutant | -6/Data Miner Hacker-Mutant | -5/Proximity Caves Hacker-Scout | -5/Factory Wizard-Scout | -5/Waste Hacker-Scout | -5/Factory Hacker-Scout | -5/Extension Hacker-Mutant | -5/Cetus Wizard-Mutant | -5/Archives Wizard-Mutant | -5/Hub_04(d) Wizard-Mutant | -4/Factory Wizard-Mutant | -4/Waste Wizard-Ninja | -4/Factory Wizard-Mutant | -4/Upper Caves Wizard-Mutant | -4/Upper Caves Wizard-Sprinter | -4/Warlord Hacker-Sprinter | -3/Proximity Caves Hacker-Scout | -3/Research Hacker-Scout | -2/Research Hacker-Ninja | -1/Access Scavenger-Scout | -1/Command Resources | -11 -10 -10 -9 -9 -9 -8 -8 -8 -8 -8 -6 -6 -6 -6 -6 -6 -5 -5 -5 -5 -5 -5 -5 -5 -4 -4 -4 -4 -4 -4 -3 -3 -2 -1 -1 ----------- Run | Yrd Mat Min Mat Min Exi Min Mat Sto Rec Scr Fac Was Fac Low Low Dat Pro Fac Was Fac Ext Cet Arc Hub Fac Was Fac Upp Upp War Pro Res Res Acc Com Matter Collected 10145 | 232 195 115 142 119 . 92 429 15 123 88 . 317 292 309 330 . 177 455 . 102 577 152 256 . . 238 319 500 66 621 246 750 840 782 1266 Remotely . | . . . . . . . . . . . . . . . . . . . . . . . . . . . . . . . . . . . . Salvage Created 14458 | 27 279 203 195 51 . 107 425 15 370 . . 1636 451 81 30 . . 444 . 30 771 204 563 . . 337 646 494 33 916 338 988 1438 1901 1485 Parts 593 | 6 30 13 11 5 . 1 25 2 15 . . 21 11 10 5 . . 25 . 5 36 6 30 . . 4 22 17 2 28 28 22 62 89 62 Haulers Intercepted 27 | . 1 . . . . . 4 . . . . . 3 . . . . . . . . . . . . . 5 . . . . 6 3 5 . Recyclers Shooed 2 | . 1 1 . . . . . . . . . . . . . . . . . . . . . . . . . . . . . . . . . Parts Field Recycled . | . . . . . . . . . . . . . . . . . . . . . . . . . . . . . . . . . . . . Retrieved Matter . | . . . . . . . . . . . . . . . . . . . . . . . . . . . . . . . . . . . . Parts Self-Destructed 58 | . . . . . . . . . . . . . . 13 3 . . . . . . . . . . . . 16 3 . 23 . . . . Prevented 6 | . . . . . . . . . . . . . . 3 . . 1 . . . . . . . . . . . . . 2 . . . . Parts Restored . | . . . . . . . . . . . . . . . . . . . . . . . . . . . . . . . . . . . . Kills | -11 -10 -10 -9 -9 -9 -8 -8 -8 -8 -8 -6 -6 -6 -6 -6 -6 -5 -5 -5 -5 -5 -5 -5 -5 -4 -4 -4 -4 -4 -4 -3 -3 -2 -1 -1 ------- Run | Yrd Mat Min Mat Min Exi Min Mat Sto Rec Scr Fac Was Fac Low Low Dat Pro Fac Was Fac Ext Cet Arc Hub Fac Was Fac Upp Upp War Pro Res Res Acc Com Combat Hostiles Destroyed 168 | . 6 7 2 3 . 2 8 . 4 . . 6 1 4 5 . . 11 . . 19 3 3 . . 1 1 8 . 15 11 4 11 17 16 Melee 12 | . . . . . . . . . 3 . . . . . 1 . . . . . 1 . . . . . . . . 2 . 1 1 . 3 Guns 51 | . 3 6 2 2 . 2 3 . . . . . . . . . . . . . . . . . . . . . . . . 2 10 11 10 Cannons 64 | . . . . . . . 3 . . . . 6 1 1 . . . 4 . . 15 3 3 . . 1 1 8 . 13 4 1 . . . AOE 38 | . 3 1 . 1 . . 2 . . . . . . 3 4 . . 7 . . 3 . . . . . . . . . 7 . . 6 1 Classes Destroyed 22 | 1 7 1 1 . . 1 1 . 1 . . 1 . . 1 . . . . . . . . . . . . . 1 2 1 1 1 1 . Worker 10 | . 2 . . . . . . . . . . . . . . . . . . . . . . . . . . . . . . . 1 4 3 Builder 4 | . 1 . . . . . . . . . . . . . . . . . . . . . . . . . 1 . . . . . . 2 . Tunneler 2 | 1 1 . . . . . . . . . . . . . . . . . . . . . . . . . . . . . . . . . . Hauler 27 | . 1 . . . . . 4 . . . . . 3 . . . . . . . . . . . . . 5 . . . . 6 3 5 . Recycler 7 | . 1 1 . . . . . . 1 . . . . . . . . 1 . . . . . . . . . . . . . . . . 3 Minesweeper 1 | . . . . . . . . . . . . . . . . . . . . . . . . . . . . . 1 . . . . . . Operator 20 | . 1 . . . . . 1 1 . . . . 1 . . . . . . 1 1 . 9 . . . 1 . . . . 1 1 1 1 Watcher 20 | . 3 . 3 . . . . . . . . . 4 . . . . 2 . . 1 1 . . . . 1 . . . . . 3 2 . Swarmer 49 | . 6 5 . 3 . . 2 . . . . . . 3 4 . . 8 . . 4 . . . . . . . . . 7 . . 5 2 Cutter 4 | . . . . . . . 2 . . . . . . . . . . . . . . . . . . . . . . . . . . . 2 Grunt 41 | . . 2 . . . 1 3 . 1 . . . . . . . . 1 . . 4 . . . . . 1 3 . 8 3 . 4 7 3 Duelist 1 | . . . . . . . . . . . . . . . . . . . . . . . . . . . . . . . 1 . . . . Protector 2 | . . . . . . . . . . . . . . . . . . . . . . . . . . . . . . 2 . . . . . Sentry 26 | . . . 2 . . . 1 . 2 . . 1 1 1 . . . 1 . . 7 . 3 . . . . 1 . . . 3 1 . 2 Demolisher 2 | . . . . . . . . . . . . . . . . . . . . . . . . . . . . . . . . . 2 . . Hunter 12 | . . . . . . 1 . . . . . . . . . . . . . . 1 . . . . . . 2 . 3 . . 1 4 . Programmer 11 | . . . . . . . . . 1 . . . . . . . . 1 . . 2 . . . . . . 2 . 1 . . 1 1 2 Behemoth 2 | . . . . . . . . . . . . . . . 1 . . . . . . . . . . . . . . . . . . . 1 Compactor 7 | . . . . . . . . . . . . 6 . . . . . . . . . . . . . 1 . . . . . . . . . Cetus Guard 3 | . . . . . . . . . . . . . . . . . . . . . . 3 . . . . . . . . . . . . . M Guard 2 | . . . . . . . . . . . . . . . . . . . . . . . . . . . . . . . . . . . 2 Striker 2 | . . . . . . . . . . . . . . . . . . . . . . . . . . . . . . . . 1 1 . . Executioner 3 | . . . . . . . . . . . . . . . . . . . . . . . . . . . . . . 1 . . 1 . 1 Thug 2 | . . . . . . . . . . . . . . . . . . . . . 1 . . . . . . . . . . . . . 1 Fireman 1 | . . . . . . . . . . . . . . . . . . . . . . . . . . . . . . . . . . 1 . Best Kill Streak 13 | 1 4 5 2 3 . 1 4 1 3 . . 4 2 3 4 . . 9 . 1 7 2 5 . . 1 2 3 1 5 11 2 5 13 4 Combat Bots Only 11 | . 3 4 1 3 . 1 2 . 2 . . 4 1 3 4 . . 9 . . 6 2 2 . . 1 1 3 . 5 11 2 3 10 3 Max Kills in Single Turn 5 | 1 4 1 1 1 . 1 2 1 1 . . 1 1 2 3 . . 3 . 1 2 1 1 . . 1 1 1 1 2 5 1 1 3 2 Gunslinging 1 | . . . . . . . . . . . . . . . . . . . . . . . . . . . . . . . . . . 1 1 Exploded 5 | . 3 1 . 1 . . 1 . . . . . . 2 3 . . 3 . . 1 . . . . . . . . . 5 . . 3 1 Melee 1 | . . . . . . . . . 1 . . . . . 1 . . . . . 1 . . . . . . . . 1 . 1 1 . 1 Uniques/NPCs Destroyed . | . . . . . . . . . . . . . . . . . . . . . . . . . . . . . . . . . . . . Combat | -11 -10 -10 -9 -9 -9 -8 -8 -8 -8 -8 -6 -6 -6 -6 -6 -6 -5 -5 -5 -5 -5 -5 -5 -5 -4 -4 -4 -4 -4 -4 -3 -3 -2 -1 -1 -------- Run | Yrd Mat Min Mat Min Exi Min Mat Sto Rec Scr Fac Was Fac Low Low Dat Pro Fac Was Fac Ext Cet Arc Hub Fac Was Fac Upp Upp War Pro Res Res Acc Com Hostile Shots Fired 1046 | . 19 31 32 32 . 11 48 45 13 . . . 121 37 26 . 3 53 . 17 45 4 . 9 . 1 27 37 2 18 35 4 59 80 237 Missed 534 | . 7 15 18 13 . 5 23 29 6 . . . 78 20 14 . 3 21 . 9 17 1 . 4 . 1 15 23 1 1 14 3 31 31 131 Hits 512 | . 12 16 14 19 . 6 25 16 7 . . . 43 17 12 . . 32 . 8 28 3 . 5 . . 12 14 1 17 21 1 28 49 106 Melee 3 | . . . . . . . 3 . . . . . . . . . . . . . . . . . . . . . . . . . . . . Projectile 509 | . 12 16 14 19 . 6 22 16 7 . . . 43 17 12 . . 32 . 8 28 3 . 5 . . 12 14 1 17 21 1 28 49 106 AOE 9 | . . . . . . . 2 . . . . . . . . . . . . . . . . . . . . . . . . . . . 7 Critical Strikes 16 | . . . 2 . . . 2 . 1 . . . 1 . . . . 1 . 1 1 1 . . . . . . . . . . . 1 5 Part Disruptions 1 | . . . . . . . . . . . . . . . . . . . . . . . . . . . . . . . . . 1 . . Damage Taken 10928 | . 199 169 204 151 . 94 446 170 141 . . . 824 189 113 . . 645 . 124 716 75 . 145 . 15 289 230 18 420 489 24 634 1140 3264 Core 2330 | . 110 29 62 68 . 13 91 89 70 . . . 241 68 25 . . 235 . 21 111 . . . . . 61 95 . 194 129 . 137 85 396 Absorbed by Shields 77 | . . . . . . . . . 7 . . . 3 . . . . . . . 15 . . . . . . . . 34 . . . . 18 Redirected to Shielding 702 | . . . . . . . . . . . . . 35 7 . . . 28 . 7 . 15 . 47 . . . 32 . 41 75 . 52 202 161 Regen/Repaired (Parts) 788 | . . . 48 . . . . . . . . 33 . . . . . 197 . . . . . . . . 85 . . 12 . . 92 200 121 Core Remaining (%) 70 | 100 . 44 . . . 64 . . . 54 . . . . . . 60 . . . . . . 63 . . . . . . 58 100 90 . 69 Volleys Fired 817 | 1 49 20 24 10 . 12 73 . . . . 31 9 17 51 . 1 26 . 4 46 16 19 . . 29 9 54 . 56 38 20 53 51 98 Largest 3 | 2 2 2 2 2 . 2 1 . . . . 1 1 1 1 . 1 1 . 1 1 1 1 . . 1 1 1 . 1 1 2 2 3 3 Hottest 120 | 40 40 40 40 40 . 40 55 . . . . 48 56 56 56 . 43 60 . 60 60 48 48 . . 48 105 56 . 56 56 108 80 120 120 Shots Fired 1142 | 2 98 40 44 18 . 23 73 . . . . 31 9 17 51 . 1 26 . 4 46 17 20 . . 29 9 54 . 56 38 40 103 119 174 Gun 679 | 2 98 40 40 16 . 23 50 . . . . . . . . . . . . . . . . . . . . . . . . 30 103 116 161 Cannon 411 | . . . . . . . 21 . . . . 31 9 13 49 . . 24 . 4 42 17 20 . . 29 9 54 . 45 34 10 . . . Launcher 41 | . . . 4 2 . . 2 . . . . . . 4 2 . 1 2 . . 4 . . . . . . . . . 4 . . 3 13 Special 11 | . . . . . . . . . . . . . . . . . . . . . . . . . . . . . . 11 . . . . . Kinetic 1007 | 2 98 40 40 16 . 23 45 . . . . 31 9 13 49 . . 24 . 4 42 17 20 . . 29 8 54 . 45 34 40 100 116 108 Thermal 27 | . . . . . . . 26 . . . . . . . . . . . . . . . . . . . 1 . . . . . . . . Explosive 35 | . . . . . . . 2 . . . . . . 4 2 . 1 2 . . 4 . . . . . . . . . 4 . . 3 13 Electromagnetic 53 | . . . 4 2 . . . . . . . . . . . . . . . . . . . . . . . . . . . . . . 47 Entropic 9 | . . . . . . . . . . . . . . . . . . . . . . . . . . . . . . . . . 3 . 6 Robot Hit Streak 39 | 1 7 6 9 5 . 15 12 . . . . 5 3 3 9 . . 7 . 3 10 4 4 . . 4 7 7 . 7 6 3 8 11 39 Robot Miss Streak 6 | . 3 6 2 3 . 1 2 . . . . 3 2 1 2 . . 2 . 2 3 1 4 . . 4 . 5 . 2 2 1 3 3 3 Penetration Max 2 | . . . . . . . 1 . . . . 1 . . . . . . . . . 1 . . . 1 1 1 . 2 1 . 1 1 2 Secondary Targets 9 | . . 1 . . . 1 . . . . . . . . . . . . . . . . . . . . . . . . . . . 5 2 Max Gunslinging Chain 2 | . . 1 . . . 1 . . . . . . . . . . . . . . . . . . . . . . . . . . . 2 1 Shots Hit Robots 838 | 1 59 19 29 9 . 20 45 1 19 . . 17 21 3 31 . . 19 . 3 42 11 29 . . 16 13 28 3 44 14 32 71 87 152 Core Hits 453 | 1 26 10 16 4 . 9 23 1 5 . . 9 3 4 10 . . 22 . . 46 5 8 . . 3 7 11 1 18 17 15 45 60 74 Critical Kills 92 | 1 . . . . . 1 3 . . . . 7 1 1 . . . 2 . . . 4 4 . . 1 2 8 . 13 3 2 15 19 5 Critical Parts Destroyed 103 | . 1 . . . . . 5 . 1 . . 2 4 1 9 . . 1 . . . 2 2 . . 2 1 16 . 18 3 . 11 17 7 Critical Strikes 237 | 1 1 . . . . 1 8 . 2 . . 13 5 2 18 . . 3 . . 3 7 6 . . 14 4 24 . 31 6 6 30 37 15 Destroy 222 | 1 1 . . . . 1 8 . . . . 13 3 2 17 . . 3 . . . 7 6 . . 14 3 24 . 31 6 2 28 37 15 Blast 4 | . . . . . . . . . . . . . . . . . . . . . 3 . . . . . . . . . . 1 . . . Smash 3 | . . . . . . . . . 1 . . . 2 . . . . . . . . . . . . . . . . . . . . . . Sever 4 | . . . . . . . . . 1 . . . . . 1 . . . . . . . . . . . 1 . . . . 1 . . . Impale 4 | . . . . . . . . . . . . . . . . . . . . . . . . . . . . . . . . 2 2 . . Melee Attacks 389 | . . . 1 . . . . 9 24 . 1 . 42 5 12 . . 65 . 25 2 . 22 2 . . 35 . 3 3 1 56 13 44 24 Impact 60 | . . . 1 . . . . 9 7 . 1 . 42 . . . . . . . . . . . . . . . . . . . . . . Slashing 238 | . . . . . . . . . 17 . . . . 5 12 . . 65 . 25 2 . 22 2 . . 35 . 3 3 1 33 . . 13 Piercing 91 | . . . . . . . . . . . . . . . . . . . . . . . . . . . . . . . . 23 13 44 11 Sneak Attacks 51 | . . . . . . . . . 11 . . . 4 . . . . 3 . . . . 10 . . . 5 . 1 3 . 5 1 4 4 Combat Hostiles 2 | . . . . . . . . . . . . . 1 . . . . . . . . . . . . . . . . . . . . . 1 Follow-up Attacks 7 | . . . . . . . . . 6 . . . . . . . . . . . . . . . . . 1 . . . . . . . . Damage Inflicted 28459 | 9 912 144 238 148 . 165 979 35 1175 . . 566 1054 368 1223 . . 1704 . 166 3213 260 1767 . . 563 755 602 246 1017 890 2120 986 2596 4558 Guns 5676 | 9 463 144 231 65 . 165 493 . . . . . . . . . . . . . . . . . . . . . . . . 110 700 802 2494 Cannons 7245 | . . . . . . . 273 . . . . 566 109 63 552 . . 592 . 30 2209 260 157 . . 563 94 602 . 687 241 247 . . . Explosions 5730 | . 449 . 7 83 . . 213 . . . . . . 305 403 . . 564 . . 886 . . . . . . . . . 649 . . 1172 999 Melee 9808 | . . . . . . . . 35 1175 . . . 945 . 268 . . 548 . 136 118 . 1610 . . . 661 . 246 330 . 1763 286 622 1065 Ramming . | . . . . . . . . . . . . . . . . . . . . . . . . . . . . . . . . . . . . Kinetic 11773 | 9 463 144 231 65 . 165 466 . . . . 566 109 63 552 . . 592 . 30 2209 260 157 . . 563 94 602 . 687 241 357 700 802 1646 Thermal 729 | . 363 . . . . . 300 . . . . . . . . . . . . . 66 . . . . . . . . . . . . . . Explosive 4924 | . . . . . . . 213 . . . . . . 305 403 . . 363 . . 820 . . . . . . . . . 649 . . 1172 999 Electromagnetic 816 | . 86 . 7 83 . . . . . . . . . . . . . 201 . . . . . . . . . . . . . . . . 439 Impact 1397 | . . . . . . . . 35 417 . . . 945 . . . . . . . . . . . . . . . . . . . . . . Slashing 5857 | . . . . . . . . . 758 . . . . . 268 . . 548 . 136 118 . 1610 . . . 661 . 246 330 . 638 . . 544 Piercing 2554 | . . . . . . . . . . . . . . . . . . . . . . . . . . . . . . . . 1125 286 622 521 Entropic 409 | . . . . . . . . . . . . . . . . . . . . . . . . . . . . . . . . . . . 409 Highest Corruption 10 | . 1 1 . . . . . . 2 . . . . . . . . 3 10 10 5 5 5 . . . . . . . . . . 2 2 Average Corruption 3 | . 1 1 . . . . . . 1 . . . . . . . . 2 8 8 5 5 4 . . . . . . . . . . 1 2 Corruption Purged 10 | . . . . . . . . . . . . . . . . . . . . 5 . . 5 . . . . . . . . . . . . Corruption Blocked 42 | . . . . . . . . . . . . . . . . . . . . . . . . . . . . . . . . 32 2 . 8 Effects 103 | . 2 2 . . . . . . 12 . . . . . . . . 10 2 26 14 7 2 . . . . . . . . . . 4 22 Message Errors 29 | . . 1 . . . . . . 3 . . . . . . . . 1 1 8 7 2 . . . . . . . . . . . . 6 Matter Fused 24 | . 2 . . . . . . . 4 . . . . . . . . 3 . 7 1 1 1 . . . . . . . . . . . 5 Heat Flow Errors 13 | . . . . . . . . . 1 . . . . . . . . . . 3 4 . . . . . . . . . . . . 1 4 Energy Discharges 10 | . . 1 . . . . . . . . . . . . . . . 3 . 1 1 1 . . . . . . . . . . . 1 2 Parts Rejected 1 | . . . . . . . . . . . . . . . . . . . . . . . . . . . . . . . . . . . 1 Parts Fused 1 | . . . . . . . . . . . . . . . . . . . . 1 . . . . . . . . . . . . . . . Data Loss (minor) 11 | . . . . . . . . . 2 . . . . . . . . 2 . 3 1 2 . . . . . . . . . . . . 1 Data Loss (major) 3 | . . . . . . . . . 2 . . . . . . . . . . 1 . . . . . . . . . . . . . . . Misfires 5 | . . . . . . . . . . . . . . . . . . . . . . 1 1 . . . . . . . . . . 1 2 Alerts 1 | . . . . . . . . . . . . . . . . . . 1 . . . . . . . . . . . . . . . . . Misdirections 3 | . . . . . . . . . . . . . . . . . . . 1 2 . . . . . . . . . . . . . . . Weapon Failures 2 | . . . . . . . . . . . . . . . . . . . . . . . . . . . . . . . . . . 1 1 Overload Shots . | . . . . . . . . . . . . . . . . . . . . . . . . . . . . . . . . . . . . Overflow Damage 2612 | . 69 . . . . . 15 . 237 . . . 322 14 2 . . 151 . 66 19 . 715 . . . 111 . 109 32 25 207 52 312 154 Projectiles 38 | . . . . . . . . . . . . . . . . . . . . . 13 . . . . . . . . 11 . 14 . . . Explosions 337 | . 69 . . . . . 15 . . . . . . 14 2 . . 28 . . 6 . . . . . . . . . 25 . . 168 10 Melee 2237 | . . . . . . . . . 237 . . . 322 . . . . 123 . 66 . . 715 . . . 111 . 109 21 . 193 52 144 144 Knockbacks 23 | . . . . . . . 3 . . . . . 2 . . . . 6 . . 4 . . . . . . 4 . 1 2 1 . . . Impact 1 | . . . . . . . . . . . . . 1 . . . . . . . . . . . . . . . . . . . . . . Kinetic 20 | . . . . . . . 2 . . . . . 1 . . . . 5 . . 4 . . . . . . 4 . 1 2 1 . . . Secondary 2 | . . . . . . . 1 . . . . . . . . . . 1 . . . . . . . . . . . . . . . . . Self-Inflicted Damage 333 | . . . . . . . . . . . . . . 34 . . . 14 . . 143 . . . . . . . . . 14 . . . 128 Shots 9 | . . . . . . . . . . . . . . 1 . . . 1 . . 4 . . . . . . . . . 1 . . . 2 Rammed . | . . . . . . . . . . . . . . . . . . . . . . . . . . . . . . . . . . . . Targets Rammed . | . . . . . . . . . . . . . . . . . . . . . . . . . . . . . . . . . . . . Kicked . | . . . . . . . . . . . . . . . . . . . . . . . . . . . . . . . . . . . . Crushed . | . . . . . . . . . . . . . . . . . . . . . . . . . . . . . . . . . . . . Highest Temperature 365 | . 9 26 62 . . 17 365 4 244 . . . 4 51 28 . . 9 . 234 240 . 23 . . . 40 5 . 82 4 356 95 200 336 Average Temperature 46 | . 5 7 11 . . 5 61 4 124 . . . 4 26 5 . . 3 . 67 86 . 21 . . . 24 2 . 29 2 106 22 33 59 Received Heat Transfer 1123 | . 45 27 114 . . 27 198 54 25 . . . 187 24 . . . 27 . 9 42 . . 9 . . 30 9 9 53 27 . 72 81 54 Effects 6 | . . . . . . . 2 . . . . . . . . . . . . . . . . . . . . . . . . 1 . . 3 Shutdowns 1 | . . . . . . . 1 . . . . . . . . . . . . . . . . . . . . . . . . . . . . Energy Bleed 1 | . . . . . . . 1 . . . . . . . . . . . . . . . . . . . . . . . . . . . . Interference 3 | . . . . . . . . . . . . . . . . . . . . . . . . . . . . . . . . . . . 3 Matter Decay 1 | . . . . . . . . . . . . . . . . . . . . . . . . . . . . . . . . 1 . . . Siege Activations . | . . . . . . . . . . . . . . . . . . . . . . . . . . . . . . . . . . . . Martial Activations . | . . . . . . . . . . . . . . . . . . . . . . . . . . . . . . . . . . . . Shielding Activations . | . . . . . . . . . . . . . . . . . . . . . . . . . . . . . . . . . . . . Robots Disrupted 1 | . . . . . . . . . . . . . . . . . . 1 . . . . . . . . . . . . . . . . . Combat Hostiles 1 | . . . . . . . . . . . . . . . . . . 1 . . . . . . . . . . . . . . . . . Robots Corrupted 8 | . . . . . . . . . 1 . . . 5 . . . . . . . . . . . . . . . . . . . . . 2 Combat Hostiles 2 | . . . . . . . . . . . . . . . . . . . . . . . . . . . . . . . . . . . 2 Parts Fried 16 | . 1 . . . . . . . . . . . 8 . . . . . . . . . . . . . . . . . . . . . 7 Impact Corruptions 17 | . . . . . . . . . 6 . . . 11 . . . . . . . . . . . . . . . . . . . . . . Robots Melted . | . . . . . . . . . . . . . . . . . . . . . . . . . . . . . . . . . . . . Combat Hostiles . | . . . . . . . . . . . . . . . . . . . . . . . . . . . . . . . . . . . . Parts Melted 4 | . . . . . . . . . . . . . . . . . . . . . 1 . . . . . . . . . . . . 3 . Heat Transferred 842 | . 200 . . . . . 592 . . . . . . . . . . . . . 50 . . . . . . . . . . . . . . Parts Sabotaged . | . . . . . . . . . . . . . . . . . . . . . . . . . . . . . . . . . . . . Parts Stolen . | . . . . . . . . . . . . . . . . . . . . . . . . . . . . . . . . . . . . Parts Stripped . | . . . . . . . . . . . . . . . . . . . . . . . . . . . . . . . . . . . . Power Chain Reactions 2 | . . . . . . . . . . . . . 1 . . . . 1 . . . . . . . . . . . . . . . . . Alert | -11 -10 -10 -9 -9 -9 -8 -8 -8 -8 -8 -6 -6 -6 -6 -6 -6 -5 -5 -5 -5 -5 -5 -5 -5 -4 -4 -4 -4 -4 -4 -3 -3 -2 -1 -1 ------- Run | Yrd Mat Min Mat Min Exi Min Mat Sto Rec Scr Fac Was Fac Low Low Dat Pro Fac Was Fac Ext Cet Arc Hub Fac Was Fac Upp Upp War Pro Res Res Acc Com Maximum Alert Level 4 | . 1 . 1 . . . . . 1 . . . 4 . . . . 1 . . 1 . . . . . 2 . . . . . 1 2 3 Low Security (%) 68 | 100 85 100 56 100 . 100 100 100 99 . 100 100 10 . . . . 82 100 100 76 100 100 100 100 100 71 . . . . 100 15 32 . Level 1 19 | . 14 . 43 . . . . . . . . . . . . . . 17 . . 23 . . . . . 22 . . . . . 84 58 45 Level 2 5 | . . . . . . . . . . . . . 5 . . . . . . . . . . . . . 6 . . . . . . 9 47 Level 3 . | . . . . . . . . . . . . . 3 . . . . . . . . . . . . . . . . . . . . . 7 Level 4 5 | . . . . . . . . . . . . . 79 . . . . . . . . . . . . . . . . . . . . . . Level 5 . | . . . . . . . . . . . . . . . . . . . . . . . . . . . . . . . . . . . . High Security . | . . . . . . . . . . . . . . . . . . . . . . . . . . . . . . . . . . . . Max Security . | . . . . . . . . . . . . . . . . . . . . . . . . . . . . . . . . . . . . Peak Influence 1563 | 5 232 174 252 138 . 69 168 136 207 . 13 4 1563 . . . . 379 8 111 248 158 164 117 54 44 464 . . . . 175 395 412 904 Initial 212 | . . 74 38 88 . . . 14 52 . . 1 . . . . . . 8 . 51 . 31 24 49 11 . . . . . 135 45 188 212 Average 205 | . 148 117 151 83 . 24 51 34 106 . 2 . 1120 . . . . 53 2 18 90 95 116 48 43 8 117 . . . . 109 271 206 479 Influence Increases 14376 | 5 463 245 349 70 . 125 438 165 354 . 17 6 2945 210 165 . . 816 . 380 708 240 219 371 5 62 1162 295 25 676 250 447 888 982 1293 Destroy 0b10 Robot/C 4620 | . 120 140 60 60 . 80 160 . 160 . . . 600 80 100 . . 220 . . 400 160 80 60 . . 320 160 20 420 220 120 220 340 320 Destroy 0b10 Robot/NC 570 | 5 45 5 15 . . . 25 5 15 . . . 85 . . . . 15 . 5 10 10 45 . . . 80 . 5 15 . 35 40 70 40 Destroy Leader 792 | . 28 20 26 10 . 20 38 . . . . . 158 10 20 . . 44 . . 52 . . 20 . . 70 30 . . 30 42 72 62 40 Allied During Kill 1166 | . . 5 1 . . 10 . . 36 . . . 555 . . . . . . . 30 58 33 . . . 257 . . 181 . . . . . Trap Triggered on 0b10 170 | . . 30 . . . . . . . . . . . . . . . 40 . . . . . . . . 30 . . . . 30 . . 40 Successful Hack 940 | . 36 . 22 . . . 13 20 23 . 16 . 49 . . . . 60 . 42 17 . . 10 5 . 52 . . . . 74 169 168 164 Select Force Hacks 400 | . . . . . . . . . 120 . . . 80 . . . . . . . . . . 200 . . . . . . . . . . . Disable Machine 1125 | . 75 . 15 . . 15 30 15 . . . . 585 . . . . 90 . 30 60 . 45 . . . 90 . . . . 15 . 15 45 Anti-Garrison Action 200 | . . . . . . . . . . . . . 150 . . . . . . . . . . . . . . . . . . . . . 50 Destroy Structure 1543 | . 9 . . . . . 22 5 . . 1 6 233 . . . . 152 . 48 124 12 16 6 . 62 248 . . . . 56 27 177 339 Partial Spotted 720 | . . 15 15 . . . 90 . . . . . 60 . . . . 60 . 45 . . . 15 . . 15 . . . . 60 75 135 135 Lose Combat Pursuer 2130 | . 150 30 195 . . . 60 120 . . . . 390 120 45 . . 135 . 210 15 . . 60 . . . 105 . 60 . 15 285 15 120 Influence Decreases 13545 | 5 272 337 221 279 18 125 404 63 430 60 14 9 1382 979 526 433 . 793 23 275 813 162 227 339 73 96 1162 190 130 407 319 567 653 965 794 Entered New Map 2540 | . . 117 61 139 18 . . 20 84 60 . 2 . 579 152 433 . . 15 . 54 . 47 46 53 23 . . 21 . 269 65 35 127 120 Time Decay 6109 | 5 262 190 140 130 . 120 195 43 326 . 14 7 392 380 374 . . 308 8 229 184 150 160 40 20 73 278 170 80 177 30 422 440 328 434 Lost Part 489 | . 10 10 . 10 . . 20 . . . . . 60 20 . . . 9 . . 40 10 . 10 . . . 20 . 10 10 . 20 20 210 Lost Ally 1307 | . . 20 20 . . 5 1 . 20 . . . 330 . . . . 10 . 20 100 2 20 60 . . 300 . 29 220 10 80 20 10 30 Purge Threat 3100 | . . . . . . . 188 . . . . . 600 . . . . 466 . 26 435 . . 183 . . 584 . . . . . 138 480 . Squads Dispatched 112 | . . . 2 1 . . 2 4 . . . . 20 . . . . 10 . 8 1 . . 10 . . 9 . . . . 4 11 17 13 Investigation 44 | . . . 2 . . . . 2 . . . . 5 . . . . 5 . 2 . . . 7 . . 3 . . . . 2 9 6 1 Extermination 19 | . . . . . . . . . . . . . 2 . . . . 3 . 2 . . . . . . 2 . . . . 1 . 5 4 Reinforcement 39 | . . . . . . . 2 2 . . . . 6 . . . . 2 . 4 1 . . 3 . . 4 . . . . 1 2 6 6 Assault 8 | . . . . 1 . . . . . . . . 5 . . . . . . . . . . . . . . . . . . . . . 2 Garrison 2 | . . . . . . . . . . . . . 2 . . . . . . . . . . . . . . . . . . . . . . Intercept . | . . . . . . . . . . . . . . . . . . . . . . . . . . . . . . . . . . . . Searches Triggered . | . . . . . . . . . . . . . . . . . . . . . . . . . . . . . . . . . . . . Unchained Authorized 3 | . . . . . . . . . . . . . . . . . . 1 . 1 . . . . . . 1 . . . . . . . . Data Miner Redirects 5 | . . . . . . . . . . . . . . . . . . 1 . . . . . 1 . . . . . . . . . 1 2 Construction Impeded 2 | . . . . . . . . . . . . . . . . . . 1 . . . . . . . . . . . . . . . 1 . Haulers Reinforced 8 | . . . . . . . . . . . . . 3 . . . . . . . . . . . . . 2 . . . . 1 1 1 . Active Scanning Responses . | . . . . . . . . . . . . . . . . . . . . . . . . . . . . . . . . . . . . Cargo Convoy Interrupts 2 | . . . . . . . . . . . . . 1 . . . . . . 1 . . . . . . . . . . . . . . . Stealth | -11 -10 -10 -9 -9 -9 -8 -8 -8 -8 -8 -6 -6 -6 -6 -6 -6 -5 -5 -5 -5 -5 -5 -5 -5 -4 -4 -4 -4 -4 -4 -3 -3 -2 -1 -1 --------- Run | Yrd Mat Min Mat Min Exi Min Mat Sto Rec Scr Fac Was Fac Low Low Dat Pro Fac Was Fac Ext Cet Arc Hub Fac Was Fac Upp Upp War Pro Res Res Acc Com Distress Signals 48 | . 2 . 3 . . . 1 2 . . . . 3 . . . . 1 . 2 1 1 . 1 . . 4 . . 4 . 7 5 4 7 Communications Jammed . | . . . . . . . . . . . . . . . . . . . . . . . . . . . . . . . . . . . . Distress Signals . | . . . . . . . . . . . . . . . . . . . . . . . . . . . . . . . . . . . . Times Spotted 636 | . 21 13 21 4 . 4 17 26 5 . . 6 55 13 4 . 3 28 6 33 23 9 10 14 . 8 25 15 2 82 13 8 62 49 57 Peak Tracking Total 26 | . 5 3 7 4 . 3 4 19 3 . . 3 17 5 3 . 3 12 6 26 7 5 1 9 . 6 7 7 2 16 8 3 15 12 8 Tactical Retreats 85 | . 5 1 6 . . . 3 2 . . . . 12 5 2 . . 6 . 8 1 . . 2 . 2 1 3 . 2 . 1 9 8 6 ECM-based Alert Blocks 25 | . . . . . . . . . . . . . . . . . . . . . . . . . . . . . . . . . . 25 . Traps | -11 -10 -10 -9 -9 -9 -8 -8 -8 -8 -8 -6 -6 -6 -6 -6 -6 -5 -5 -5 -5 -5 -5 -5 -5 -4 -4 -4 -4 -4 -4 -3 -3 -2 -1 -1 ------- Run | Yrd Mat Min Mat Min Exi Min Mat Sto Rec Scr Fac Was Fac Low Low Dat Pro Fac Was Fac Ext Cet Arc Hub Fac Was Fac Upp Upp War Pro Res Res Acc Com Traps Triggered 16 | . 1 . 3 . . . . . . . 1 . 2 . . . . 3 . . 2 . . . 1 . . . . . . . . 1 2 Indirectly 3 | . . . 3 . . . . . . . . . . . . . . . . . . . . . . . . . . . . . . . . Trap Hack Attempts . | . . . . . . . . . . . . . . . . . . . . . . . . . . . . . . . . . . . . Triggered . | . . . . . . . . . . . . . . . . . . . . . . . . . . . . . . . . . . . . Disarmed 12 | . . . . . . . . . . . . . . . . . . . . . . . . . . . . . . . . . . 12 . Reprogrammed 60 | . . . . . . . . . . . . . . . . . . 30 . 19 . . . . . . 7 . . . . 4 . . . Reused 20 | . . 3 . . . . . . . . . . . . . . . 4 . 1 . . . . . . 3 . 2 . . 3 . . 4 Traps Extracted 5 | . . . . . . . . . . . . . . . . . . . . . . . . . . . 5 . . . . . . . . Installed 15 | . . 4 . . . . . . . . . . . . . . . . . . . . . . . . 2 . 2 . . . . . 7 Triggered 19 | . . 3 . . . . . . . . . . . . . . . 4 . . . . . . . . 3 . 2 . . 3 . . 4 Most Traps Carried 7 | . . 2 1 1 1 1 . . . . . . . . . . 1 1 1 1 1 1 1 1 1 1 5 3 7 7 7 7 7 7 7 Objects Rigged 6 | . 4 . . . . . . . . . . . . . . . . . . 2 . . . . . . . . . . . . . . . Exploded 2 | . 2 . . . . . . . . . . . . . . . . . . . . . . . . . . . . . . . . . . Machines | -11 -10 -10 -9 -9 -9 -8 -8 -8 -8 -8 -6 -6 -6 -6 -6 -6 -5 -5 -5 -5 -5 -5 -5 -5 -4 -4 -4 -4 -4 -4 -3 -3 -2 -1 -1 ---------- Run | Yrd Mat Min Mat Min Exi Min Mat Sto Rec Scr Fac Was Fac Low Low Dat Pro Fac Was Fac Ext Cet Arc Hub Fac Was Fac Upp Upp War Pro Res Res Acc Com Machines Disabled 78 | . 5 . 1 . . 1 2 1 . . . . 40 . . . . 6 . 2 4 . 3 . . . 6 . . . . 1 . 1 5 Max in Single Turn 4 | . 4 . 1 . . . 1 1 . . . . . . . . . 2 . 1 1 . 2 . . . . . . . . 1 . 1 2 Garrison Access 19 | . . . . . . . . . . . . . 2 . . . . 4 . 3 . . . . . . 2 . . . . 3 3 2 . Phase Generator 1 | . . . . . . . . . . . . . . . . . . . . . . . . . . . . . . . . . . . 1 Network Hub 4 | . . . . . . . . . . . . . . . . . . . . . . . . 4 . . . . . . . . . . . Energy Cycler 1 | . . . . . . . . . . . . . . . . . . . . . 1 . . . . . . . . . . . . . . Machines Repaired . | . . . . . . . . . . . . . . . . . . . . . . . . . . . . . . . . . . . . Machines Dismantled . | . . . . . . . . . . . . . . . . . . . . . . . . . . . . . . . . . . . . Machines Sabotaged 4 | . . . . . . . . . . . . . . . . . . . . . . . . 4 . . . . . . . . . . . Overloaded Fab Kills 3 | . . . . . . . . . . . . . 3 . . . . . . . . . . . . . . . . . . . . . . Hacking | -11 -10 -10 -9 -9 -9 -8 -8 -8 -8 -8 -6 -6 -6 -6 -6 -6 -5 -5 -5 -5 -5 -5 -5 -5 -4 -4 -4 -4 -4 -4 -3 -3 -2 -1 -1 --------- Run | Yrd Mat Min Mat Min Exi Min Mat Sto Rec Scr Fac Was Fac Low Low Dat Pro Fac Was Fac Ext Cet Arc Hub Fac Was Fac Upp Upp War Pro Res Res Acc Com Machines Accessed 220 | . 8 . 8 . 2 . 5 7 9 . 2 . 17 2 2 4 . 37 . 16 5 . . 7 2 . 18 . 1 3 1 12 16 23 13 Terminals 130 | . 8 . 5 . . . 4 5 5 . 2 . 9 1 . . . 19 . 10 5 . . 7 2 . 11 . . . 1 7 7 13 9 Fabricators 15 | . . . . . . . . . . . . . 1 . . . . 5 . 2 . . . . . . 3 . . . . . 2 2 . Repair Stations 11 | . . . 1 . . . . . . . . . 1 . . . . 2 . 1 . . . . . . . . . . . . 2 2 2 Recycling Units 20 | . . . 1 . . . . 2 4 . . . 1 . . . . 4 . . . . . . . . 1 . . . . 1 1 3 2 Scanalyzers 14 | . . . 1 . . . 1 . . . . . 4 . . . . 3 . . . . . . . . 1 . . . . 1 2 1 . Garrison Access 17 | . . . . . . . . . . . . . 1 . . . . 4 . 3 . . . . . . 2 . . . . 3 2 2 . Total Hacks 991 | . 33 . 26 . 2 . 20 23 30 . 10 . 48 2 2 30 . 137 . 66 24 . . 50 16 . 134 . 1 11 1 70 69 129 57 Successful 724 | . 24 . 18 . 2 . 13 10 21 . 7 . 33 2 2 30 . 109 . 47 15 . . 41 12 . 117 . 1 11 1 51 44 91 22 Failed 259 | . 8 . 8 . . . 6 12 9 . 3 . 15 . . . . 27 . 19 8 . . 8 4 . 16 . . . . 18 25 38 35 Catastrophic 28 | . 1 . 2 . . . 1 . . . . . 1 . . . . 1 . 1 1 . . . 1 . . . . . . 1 4 7 7 Database Lockouts 8 | . 1 . . . . . 1 1 . . . . . . . . . 1 . . 1 . . 1 . . 1 . . . . 1 . . . Manual 497 | . 28 . 13 . 1 . 13 12 19 . 7 . 24 . . . . 65 . 42 11 . . 36 11 . 83 . . 2 . 31 27 44 28 Terminals 730 | . 33 . 18 . . . 18 20 21 . 10 . 28 1 . . . 95 . 53 24 . . 50 16 . 111 . . . 1 60 37 97 37 Fabricators 67 | . . . . . . . . . . . . . 1 . . . . 21 . 8 . . . . . . 16 . . . . . 9 12 . Repair Stations 28 | . . . 1 . . . . . . . . . 2 . . . . 4 . 2 . . . . . . . . . . . . 5 5 9 Recycling Units 46 | . . . 2 . . . . 3 9 . . . 2 . . . . 6 . . . . . . . . 2 . . . . 2 2 7 11 Scanalyzers 52 | . . . 5 . . . 2 . . . . . 14 . . . . 6 . . . . . . . . 3 . . . . 4 14 4 . Garrison Access 21 | . . . . . . . . . . . . . 1 . . . . 5 . 3 . . . . . . 2 . . . . 4 2 4 . Terminal Hacks 378 | . 5 . 5 . 2 . 8 7 8 . 4 . 11 2 2 30 . 48 . 19 13 . . 27 8 . 65 . 1 11 1 27 19 50 5 Record 21 | . . . . . 1 . . . 1 . . . . 1 . 7 . . . . 3 . . . . . 1 . . . 1 . . 6 . Part Schematic 34 | . . . . . . . 2 . 2 . . . . . . 13 . 4 . . . . . . 1 . 9 . . . . . 3 . . Robot Schematic 9 | . . . . . . . . . 1 . . . . . . 7 . . . . . . . . . . 1 . . . . . . . . Robot Analysis 19 | . 1 . 1 . . . 1 1 1 . . . . . . . . 2 . . 2 . . 3 . . 1 . . . . 1 . 4 1 Prototype ID Bank 33 | . . . 1 . . . . 1 2 . . . . . . 3 . 3 . . . . . . . . 5 . . 10 . 3 3 2 . Open Door 9 | . . . . . . . . 1 . . . . . 1 2 . . 1 . 1 . . . . . . . . 1 1 . . . 1 . Open DSF 1 | . . . . . . . . . . . . . . . . . . . . . . . . . . . . . . . . . 1 . . Level Access Points 6 | . . . . . . . . . . . . . . . . . . . . 1 . . . 1 . . 1 . . . . 1 1 1 . Branch Access Points 13 | . 1 . 1 . . . . 1 . . 1 . 1 . . . . 1 . 1 . . . . 1 . 2 . . . . 1 1 1 . Emergency Access Points 20 | . . . 1 . . . . 1 . . 1 . 1 . . . . 2 . . . . . 2 . . 4 . . . . 2 3 2 1 Machine Index 9 | . . . . . . . . . . . . . 1 . . . . 1 . . . . . 1 1 . 1 . . . . 1 1 1 1 Terminal Index 8 | . . . . . . . 1 . 1 . . . 1 . . . . . . 1 . . . 1 . . 1 . . . . 2 . . . Fabricator Index 2 | . . . . . . . . . . . . . . . . . . 1 . 1 . . . . . . . . . . . . . . . Garrison Index 1 | . . . . . . . . . . . . . . . . . . . . . . . . 1 . . . . . . . . . . . Alert Level 13 | . . . . . . . . . . . . . 2 . . . . 3 . . 1 . . . 1 . 3 . . . . . . 3 . Unreport Threat 35 | . . . . . . . 2 . . . . . 4 . . . . 5 . 2 5 . . 5 . . 5 . . . . . 1 6 . Locate Traps 28 | . 2 . 1 . . . 1 . . . . . . . . . . 6 . 1 1 . . 1 1 . 7 . . . . 4 . 2 1 Disarm Traps 4 | . . . . . . . . . . . 1 . . . . . . . . . . . . . . . . . . . . . . 3 . Reprogram Traps 14 | . . . . . . . . . . . . . . . . . . 6 . 4 . . . . . . 3 . . . . 1 . . . Dispatch Records 3 | . . . . . . . . . . . . . . . . . . 1 . 1 . . . . . . . . . . . . . 1 . Security Status 1 | . . . . . . . . . . . . . . . . . . . . . . . . . . . . . . . . 1 . . . Investigation Status 2 | . . . . . . . . . . . . . . . . . . . . . . . . 2 . . . . . . . . . . . Recall Investigation 17 | . . . . . . . . . . . . . . . . . . 3 . . . . . 4 . . 5 . . . . 1 . 4 . Recall Extermination 10 | . . . . . . . . . . . . . . . . . . 3 . 1 . . . . . . 2 . . . . 1 . 3 . Recall Reinforcements 11 | . . . . . . . . . . . . . . . . . . . . 3 . . . 1 . . 5 . . . . . . 2 . Hauler Manifests 10 | . 1 . . . . . . . . . . . . . . . . 1 . 1 1 . . . . . 2 . . . . 1 1 2 . Registered Components 9 | . . . . . . . . 1 . . 1 . 1 . . . . 1 . . . . . . 1 . 1 . . . . 1 1 1 . Registered Prototypes 8 | . . . . . . . . . . . . . . . . . . 1 . . . . . 1 1 . 2 . . . . 2 . 1 . Zone Layout 26 | . . . . . . . 1 1 . . . . . . . . . 3 . 1 . . . 4 1 . 4 . . . . 4 3 4 . Proto ID Catalog 1 | . . . . . 1 . . . . . . . . . . . . . . . . . . . . . . . . . . . . . . Disengage Seal 1 | . . . . . . . . . . . . . . . . . . . . . . . . . . . . . . . . . . . 1 Fabricator Hacks 28 | . . . . . . . . . . . . . . . . . . 10 . 3 . . . . . . 6 . . . . . 3 6 . Network Status 3 | . . . . . . . . . . . . . . . . . . . . 1 . . . . . . . . . . . . . 2 . Load Schematic 13 | . . . . . . . . . . . . . . . . . . 5 . 1 . . . . . . 3 . . . . . 2 2 . Build 12 | . . . . . . . . . . . . . . . . . . 5 . 1 . . . . . . 3 . . . . . 1 2 . Repair Station Hacks 14 | . . . . . . . . . . . . . . . . . . 4 . 1 . . . . . . . . . . . . 4 2 3 Scan Component 8 | . . . . . . . . . . . . . . . . . . 2 . 1 . . . . . . . . . . . . 2 1 2 Repair 6 | . . . . . . . . . . . . . . . . . . 2 . . . . . . . . . . . . . . 2 1 1 Recycling Unit Hacks 19 | . . . . . . . . 2 4 . . . 1 . . . . 4 . . . . . . . . 1 . . . . 1 1 3 2 Retrieve Components 19 | . . . . . . . . 2 4 . . . 1 . . . . 4 . . . . . . . . 1 . . . . 1 1 3 2 Scanalyzer 39 | . . . 5 . . . 2 . . . . . 10 . . . . 6 . . . . . . . . 3 . . . . 3 7 3 . Insert Component 14 | . . . 1 . . . 1 . . . . . 3 . . . . 2 . . . . . . . . 1 . . . . 1 4 1 . Analyze 14 | . . . 1 . . . . . . . . . 3 . . . . 3 . . . . . . . . 2 . . . . 1 2 2 . Retrieve Study 11 | . . . 3 . . . 1 . . . . . 4 . . . . 1 . . . . . . . . . . . . . 1 1 . . Garrison Access Hacks 17 | . . . . . . . . . . . . . 1 . . . . 4 . 3 . . . . . . 2 . . . . 3 2 2 . Seal Access 17 | . . . . . . . . . . . . . 1 . . . . 4 . 3 . . . . . . 2 . . . . 3 2 2 . Unauthorized Hacks 228 | . 19 . 8 . . . 3 1 9 . 3 . 10 . . . . 33 . 20 2 . . 14 4 . 40 . . . . 17 8 25 12 Terminals 175 | . 19 . 7 . . . 3 . 5 . 3 . 6 . . . . 23 . 16 2 . . 14 4 . 29 . . . . 16 5 17 6 Track 35 | . 2 . . . . . . . . . . . . . . . . 5 . 3 . . . 2 . . 8 . . . . 5 2 5 3 Assimilate 9 | . 2 . . . . . . . . . . . . . . . . 1 . 2 . . . . . . 1 . . . . . . 2 1 Botnet 57 | . 4 . 1 . . . 1 . 3 . 1 . 1 . . . . 7 . 3 2 . . 5 2 . 8 . . . . 6 3 9 1 Detonate 3 | . 2 . . . . . . . . . . . . . . . . . . 1 . . . . . . . . . . . . . . . Disrupt 4 | . 1 . . . . . . . . . . . . . . . . . . 2 . . . . . . . . . . . . . . 1 Operators 6 | . 2 . 1 . . . 1 . . . . . . . . . . . . . . . . . . . 1 . . . . . . 1 . Skim 54 | . 6 . 5 . . . 1 . 2 . 2 . 5 . . . . 10 . 5 . . . . 2 . 11 . . . . 5 . . . Sabotage 7 | . . . . . . . . . . . . . . . . . . . . . . . . 7 . . . . . . . . . . . Fabricators 28 | . . . . . . . . . . . . . 1 . . . . 9 . 4 . . . . . . 10 . . . . . 2 2 . Report 4 | . . . . . . . . . . . . . . . . . . 1 . 1 . . . . . . 2 . . . . . . . . Prioritize 10 | . . . . . . . . . . . . . . . . . . 4 . 1 . . . . . . 3 . . . . . 1 1 . Liberate 6 | . . . . . . . . . . . . . . . . . . 3 . 1 . . . . . . 2 . . . . . . . . Fabnet 4 | . . . . . . . . . . . . . . . . . . 1 . 1 . . . . . . 1 . . . . . 1 . . Haulers 3 | . . . . . . . . . . . . . . . . . . . . . . . . . . . 2 . . . . . . 1 . Overload 1 | . . . . . . . . . . . . . 1 . . . . . . . . . . . . . . . . . . . . . . Repair Stations 4 | . . . 1 . . . . . . . . . 1 . . . . . . . . . . . . . . . . . . . . 2 . Patch 4 | . . . 1 . . . . . . . . . 1 . . . . . . . . . . . . . . . . . . . . 2 . Recycling Units 20 | . . . . . . . . 1 4 . . . 1 . . . . 1 . . . . . . . . 1 . . . . 1 1 4 6 Monitor 2 | . . . . . . . . . . . . . . . . . . . . . . . . . . . . . . . . . . 1 1 Reject 3 | . . . . . . . . . . . . . . . . . . . . . . . . . . . . . . . . . . 1 2 Recyclers 8 | . . . . . . . . 1 . . . . 1 . . . . 1 . . . . . . . . 1 . . . . 1 1 1 1 Mask 3 | . . . . . . . . . . . . . . . . . . . . . . . . . . . . . . . . . . 1 2 Tunnel 4 | . . . . . . . . . 4 . . . . . . . . . . . . . . . . . . . . . . . . . . Scanalyzers 1 | . . . . . . . . . . . . . 1 . . . . . . . . . . . . . . . . . . . . . . Extract 1 | . . . . . . . . . . . . . 1 . . . . . . . . . . . . . . . . . . . . . . Garrison Access . | . . . . . . . . . . . . . . . . . . . . . . . . . . . . . . . . . . . . Data Cores Recovered 2 | . . . . . . . 1 . . . . . . . . . . . . . . . . . . . 1 . . . . . . . . Used 1 | . . . . . . . . . . . . . . . . . . . . . . . . . . . 1 . . . . . . . . Hacking Detections 156 | . 8 . 7 . . . 5 4 5 . 2 . 13 . . . . 29 . 13 4 . . 6 2 . 12 . . . . 8 10 17 11 Full Trace Events 31 | . . . 1 . . . . 3 1 . . . 2 . . . . 5 . 2 . . . . . . 3 . . . . . 9 4 1 Feedback Events 4 | . . . . . . . . . . . . . . . . . . . . . . . . . . . . . . . . . 2 2 . Corruption 1 | . . . . . . . . . . . . . . . . . . . . . . . . . . . . . . . . . . 1 . Hackware Fried 3 | . . . . . . . . . . . . . . . . . . . . . . . . . . . . . . . . . 2 1 . Feedback Blocked . | . . . . . . . . . . . . . . . . . . . . . . . . . . . . . . . . . . . . Robot Schematics Acquired 9 | . . . . . . . . . 1 . . . . . . 7 . . . . . . . . . . 1 . . . . . . . . Robots Built . | . . . . . . . . . . . . . . . . . . . . . . . . . . . . . . . . . . . . Authchips . | . . . . . . . . . . . . . . . . . . . . . . . . . . . . . . . . . . . . Time . | . . . . . . . . . . . . . . . . . . . . . . . . . . . . . . . . . . . . Total Robot Build Rating . | . . . . . . . . . . . . . . . . . . . . . . . . . . . . . . . . . . . . Part Schematics Acquired 45 | . . . 1 . . . 2 . 2 . . . 5 . . 13 . 6 . . . . . . 1 . 9 . . . . 1 4 1 . Parts Built 12 | . . . . . . . . . . . . . . . . . . 5 . 2 . . . . . . 3 . . . . . . 2 . Authchips . | . . . . . . . . . . . . . . . . . . . . . . . . . . . . . . . . . . . . Time 557 | . . . . . . . . . . . . . . . . . . 251 . 15 . . . . . . 168 . . . . . 74 49 . Total Part Build Rating 62 | . . . . . . . . . . . . . . . . . . 25 . 10 . . . . . . 19 . . . . . . 8 . Part Studies Acquired 11 | . . . 3 . . . 1 . . . . . 4 . . . . 1 . . . . . . . . . . . . . 1 1 . . Parts Repaired 6 | . . . . . . . . . . . . . . . . . . 2 . . . . . . . . . . . . . . 2 1 1 Time 244 | . . . . . . . . . . . . . . . . . . 81 . . . . . . . . . . . . . . 115 22 26 Parts Recycled . | . . . . . . . . . . . . . . . . . . . . . . . . . . . . . . . . . . . . Recycled Matter . | . . . . . . . . . . . . . . . . . . . . . . . . . . . . . . . . . . . . Retrieved Matter . | . . . . . . . . . . . . . . . . . . . . . . . . . . . . . . . . . . . . Retrieved Components 47 | . . . . . . . . 2 20 . . . 2 . . . . 5 . . . . . . . . 2 . . . . . 3 10 3 Parts Scanalyzed 10 | . . . 1 . . . . . . . . . 3 . . . . 2 . . . . . . . . 1 . . . . 1 2 . . Part Schematics Acquired 9 | . . . 1 . . . . . . . . . 2 . . . . 2 . . . . . . . . 1 . . . . 1 1 1 . Parts Damaged 5 | . . . . . . . . . . . . . . . . . . 1 . . . . . . . . 1 . . . . . 2 1 . Bothacking | -11 -10 -10 -9 -9 -9 -8 -8 -8 -8 -8 -6 -6 -6 -6 -6 -6 -5 -5 -5 -5 -5 -5 -5 -5 -4 -4 -4 -4 -4 -4 -3 -3 -2 -1 -1 ------------ Run | Yrd Mat Min Mat Min Exi Min Mat Sto Rec Scr Fac Was Fac Low Low Dat Pro Fac Was Fac Ext Cet Arc Hub Fac Was Fac Upp Upp War Pro Res Res Acc Com Used RIF Installer . | . . . . . . . . . . . . . . . . . . . . . . . . . . . . . . . . . . . . Robots Hacked 30 | . . . . . . . . . . . . . . . . . . . . . . . . . . . 3 . 2 19 . 4 2 . . Non-combat 1 | . . . . . . . . . . . . . . . . . . . . . . . . . . . . . . 1 . . . . . Combat 29 | . . . . . . . . . . . . . . . . . . . . . . . . . . . 3 . 2 18 . 4 2 . . Robot Hacks Applied 8 | . . . . . . . . . . . . . . . . . . . . . . . . . . . . . . 8 . . . . . parse_system 8 | . . . . . . . . . . . . . . . . . . . . . . . . . . . . . . 8 . . . . . Relay Couplers Released 3 | . . . . . . . . . . . . . 1 . . . . . . . . . . . . . . . . . . . 2 . . Machine Destruction 3 | . . . . . . . . . . . . . 1 . . . . . . . . . . . . . . . . . . . 2 . . Fabnet Peak Effective % 6 | . . . . . . . . . . . . . . . . . . . . . . . . . 6 6 6 6 6 6 5 5 1 . . Autooverrided 22 | . . . . . . . . . . . . . . . . . . . . . . . . . . . 3 . 2 11 . 4 2 . . Robots Rewired 29 | . . . . . . . . . 13 . . . . . . . . . . . 10 . . . . . . . . 5 . . . . 1 Allies Hacked 6 | . . . . . . . . . 1 . . . 3 . . . . . . . . . . . . . 2 . . . . . . . . Hacks Repelled . | . . . . . . . . . . . . . . . . . . . . . . . . . . . . . . . . . . . . Allies | -11 -10 -10 -9 -9 -9 -8 -8 -8 -8 -8 -6 -6 -6 -6 -6 -6 -5 -5 -5 -5 -5 -5 -5 -5 -4 -4 -4 -4 -4 -4 -3 -3 -2 -1 -1 -------- Run | Yrd Mat Min Mat Min Exi Min Mat Sto Rec Scr Fac Was Fac Low Low Dat Pro Fac Was Fac Ext Cet Arc Hub Fac Was Fac Upp Upp War Pro Res Res Acc Com Total Allies 104 | . 1 2 . 5 . . . . 13 . . 18 . . . . . 1 . 2 11 . . . . 19 5 . 2 16 . 4 2 1 2 Largest Group 22 | . 1 2 1 5 5 4 1 . 13 12 12 22 22 . . . . 1 . 2 6 6 4 3 . 19 19 . 2 7 1 1 1 1 1 Highest-Rated Group 793 | . 10 62 31 102 102 71 8 . 204 199 199 707 707 . . . . 26 . 52 193 193 115 98 . 702 793 . 95 389 64 47 40 45 45 Highest-Rated Ally 142 | . 10 31 31 31 31 31 8 . 27 27 27 50 50 . . . . 26 . 26 39 39 39 39 . 50 142 . 48 69 64 47 40 45 45 Total Orders 12 | . . . . . . 2 . . . . . . . . . . . . . . . 3 . . . . . . . 7 . . . . . STAY 5 | . . . . . . 1 . . . . . . . . . . . . . . . 1 . . . . . . . 3 . . . . . FOLLOW 7 | . . . . . . 1 . . . . . . . . . . . . . . . 2 . . . . . . . 4 . . . . . Ally Attacks 560 | . . 10 7 . . 30 6 . 16 . . 20 116 . . . . . . . 13 24 5 14 . 75 155 . 6 55 . 8 . . . Total Damage 16147 | . . 105 106 . . 389 46 . 283 . . 356 4913 . . . . . . . 281 623 44 342 . 2297 4454 . 181 1566 . 161 . . . Kills 102 | . . . 1 . . 3 . . 4 . . . 40 . . . . . . . 1 6 1 3 . 5 26 . 1 9 . 2 . . . Allies Corrupted 3 | . . . . . . . . . . . . . 1 . . . . . . . . . . . . . . . . . . 2 . . . Allies Melted 3 | . . . . . . 1 . . . . . . . . . . . . . . . . . . . . . . . 1 . . 1 . . Intel | -11 -10 -10 -9 -9 -9 -8 -8 -8 -8 -8 -6 -6 -6 -6 -6 -6 -5 -5 -5 -5 -5 -5 -5 -5 -4 -4 -4 -4 -4 -4 -3 -3 -2 -1 -1 ------- Run | Yrd Mat Min Mat Min Exi Min Mat Sto Rec Scr Fac Was Fac Low Low Dat Pro Fac Was Fac Ext Cet Arc Hub Fac Was Fac Upp Upp War Pro Res Res Acc Com Active Infowar (turns) 18451 | 9 567 394 295 258 210 282 486 115 725 446 44 444 935 883 870 36 310 1452 59 822 604 301 339 87 54 343 898 486 246 1242 206 1033 1082 819 1069 Optics 16780 | . 184 170 . . . . 476 115 725 446 44 444 935 883 870 36 310 1452 59 822 604 301 339 87 54 343 898 486 246 1242 206 1033 1082 819 1069 Sensors 751 | . . 223 185 258 85 . . . . . . . . . . . . . . . . . . . . . . . . . . . . . . IFF 1975 | . . . . . . . . . . . . . . 764 870 36 305 . . . . . . . . . . . . . . . . . . Terrain 10103 | . . . 288 258 210 282 163 73 674 344 44 424 863 . . . . 873 34 799 98 . . . . . 482 368 1 286 206 1033 1082 819 399 Structural 264 | . . . 223 41 . . . . . . . . . . . . . . . . . . . . . . . . . . . . . . . Traps 2 | . . . . . . . . . . . . . . . . . . . . . . . . . . . 2 . . . . . . . . Seismic 915 | 9 567 339 . . . . . . . . . . . . . . . . . . . . . . . . . . . . . . . . . Decoding 3360 | . . . . . . . . . . . . . . . . . . . . . . . . . . . . . 214 1242 206 1033 665 . . T.N.C. 5841 | . . . . . . . . . . . 43 444 935 883 870 36 310 1419 59 822 20 . . . . . . . . . . . . . . Machine Analysis 2515 | . . . . . . . . . 693 446 44 444 888 . . . . . . . . . . . . . . . . . . . . . . Cloaking 1940 | . . . . . . . . . . . . . . . . . 5 11 . . . . . . . 1 99 . . . . 304 829 359 332 ECM 280 | . . . . . . . 61 . . . . . . . . . . . . . . . . . 1 . . . . . . . . 218 . Robot Analysis Total 19 | . 1 . 1 . . . 1 1 1 . . . . . . . . 2 . . 2 . . 3 . . 1 . . . . 1 . 4 1 Derelict Logs Recovered 11 | . . 2 . 1 . . . . . . . . . 3 1 . 1 . . . . . . . . . . 1 2 . . . . . . Drone Launches . | . . . . . . . . . . . . . . . . . . . . . . . . . . . . . . . . . . . . Drone Recoveries . | . . . . . . . . . . . . . . . . . . . . . . . . . . . . . . . . . . . . Decoded 0b10 Intel 28 | . . . . . . . . . . . . . . . . . . . . . . . . . . . . . . . . 18 10 . . Traps 8 | . . . . . . . . . . . . . . . . . . . . . . . . . . . . . . . . 8 . . . Emergency Access 20 | . . . . . . . . . . . . . . . . . . . . . . . . . . . . . . . . 10 10 . . Exploration | -11 -10 -10 -9 -9 -9 -8 -8 -8 -8 -8 -6 -6 -6 -6 -6 -6 -5 -5 -5 -5 -5 -5 -5 -5 -4 -4 -4 -4 -4 -4 -3 -3 -2 -1 -1 ------------- Run | Yrd Mat Min Mat Min Exi Min Mat Sto Rec Scr Fac Was Fac Low Low Dat Pro Fac Was Fac Ext Cet Arc Hub Fac Was Fac Upp Upp War Pro Res Res Acc Com Turns Passed 18476 | 30 567 394 295 262 210 282 486 115 725 446 44 444 935 883 870 36 310 1452 59 822 604 301 339 87 54 343 898 486 246 1242 206 1033 1082 819 1069 Spaces Moved 35766 | 42 760 673 521 429 289 627 690 267 762 973 117 729 1437 1675 1525 96 740 2387 158 1683 968 258 330 220 137 596 1830 954 556 1214 427 2866 3554 2657 2619 Core 644 | 42 572 . . . . . 1 . 24 . . . . . . . . . . . . . . . . . . . . 5 . . . . . Treads . | . . . . . . . . . . . . . . . . . . . . . . . . . . . . . . . . . . . . Legs . | . . . . . . . . . . . . . . . . . . . . . . . . . . . . . . . . . . . . Wheels . | . . . . . . . . . . . . . . . . . . . . . . . . . . . . . . . . . . . . Hover . | . . . . . . . . . . . . . . . . . . . . . . . . . . . . . . . . . . . . Flight 35122 | . 188 673 521 429 289 627 689 267 738 973 117 729 1437 1675 1525 96 740 2387 158 1683 968 258 330 220 137 596 1830 954 556 1209 427 2866 3554 2657 2619 Fastest Speed 12 | 50 37 37 37 37 37 37 32 26 34 34 34 34 32 37 37 37 37 37 37 31 37 37 37 37 37 37 34 34 34 27 27 22 16 12 12 Average Speed 29 | 50 46 37 37 37 37 37 38 32 34 34 34 34 32 37 38 37 37 37 37 36 37 37 37 37 37 37 36 34 34 29 27 22 20 12 12 Slowest Speed 200 | 50 100 37 37 37 37 37 200 35 150 34 34 35 34 37 167 37 37 167 37 37 37 37 37 37 37 37 39 34 34 100 27 27 87 80 80 Overloaded Moves 64 | . . . . . . . . 17 . . . . . . . . . . . 11 . . . . . . . . . . . . 36 . . Propulsion Burnouts . | . . . . . . . . . . . . . . . . . . . . . . . . . . . . . . . . . . . . Robots Hopped 203 | . . 7 2 7 . 4 1 12 3 . . . 8 2 1 . . 16 . 14 5 . . 1 . 2 15 . . 35 . 12 18 20 18 Potential Cave-ins 3 | . . . . . . . . . . . . . . . . . . . . . . . . . . . . . . . . . 3 . . Cave-ins Triggered . | . . . . . . . . . . . . . . . . . . . . . . . . . . . . . . . . . . . . Exploration Rate (%) 70 | 3 95 91 54 88 64 91 54 66 99 59 5 97 49 99 99 73 93 75 83 51 97 71 99 34 5 92 51 86 74 94 67 90 83 58 49 Regions Visited 35 Branch Regions 20 Pre-discovered Areas 15 | . 2 . . . 1 . . . 4 . . . 2 . 1 1 . 2 . . . . . . . . 1 1 . . . . . . . Known Exits Taken 20 | . 1 . 1 . 1 1 1 1 . 1 . . 1 1 . . 1 . . 1 1 1 . 1 . . 1 . 1 . 1 1 1 1 . Unknown Exits Taken 9 | 1 . 1 . 1 . . . . 1 . . . . . 1 1 . . . . . . 1 . . . . 1 . 1 . . . . . Scrap Searched 32 | . . 1 . 1 . 1 . . . 3 . . . 8 5 . 5 . . . . . . . . . . 1 4 . 3 . . . . Spaces Dug 310 | . . . . . . . 2 5 . . 1 . 19 43 6 . 17 63 . 24 . . . 2 . . 18 . . . 2 24 12 34 38 Terrain Destroyed 747 | . 8 . . . . . 37 5 . . 1 7 20 76 35 . 17 79 . 24 77 5 7 2 . 5 19 . . 4 56 29 12 65 157 Melee 197 | . . . . . . . . 5 . . 1 . 19 4 5 . . 52 . 20 . . . 2 . . 17 . . . 1 22 9 34 6 Projectile 82 | . . . . . . . 7 . . . . 7 1 . . . . 4 . 4 20 5 7 . . 5 2 . . 4 4 5 3 . 4 AOE 463 | . 8 . . . . . 30 . . . . . . 72 29 . 17 23 . . 57 . . . . . . . . . 51 . . 31 145 Terrain Rammed . | . . . . . . . . . . . . . . . . . . . . . . . . . . . . . . . . . . . . Walls Destroyed . | . . . . . . . . . . . . . . . . . . . . . . . . . . . . . . . . . . . . Machines Disabled . | . . . . . . . . . . . . . . . . . . . . . . . . . . . . . . . . . . . . Actions | -11 -10 -10 -9 -9 -9 -8 -8 -8 -8 -8 -6 -6 -6 -6 -6 -6 -5 -5 -5 -5 -5 -5 -5 -5 -4 -4 -4 -4 -4 -4 -3 -3 -2 -1 -1 --------- Run | Yrd Mat Min Mat Min Exi Min Mat Sto Rec Scr Fac Was Fac Low Low Dat Pro Fac Was Fac Ext Cet Arc Hub Fac Was Fac Upp Upp War Pro Res Res Acc Com Total 41650 | 47 889 781 578 510 392 653 831 269 1192 1090 120 894 1824 1911 1746 95 773 2821 157 1826 1156 446 492 220 139 687 1987 1060 606 2012 477 3103 3760 2957 3149 Wait 3949 | 1 63 67 11 66 93 16 29 . 326 99 . 114 295 183 153 . 24 291 . 123 98 165 101 . . 62 73 46 34 700 4 95 110 177 330 Move 35375 | 41 759 658 516 415 288 618 687 243 755 972 117 728 1421 1670 1522 95 739 2355 157 1655 957 257 329 217 137 592 1802 953 555 1169 426 2843 3521 2620 2586 Hop 155 | . . 7 2 6 . 4 1 11 3 . . . 7 2 1 . . 16 . 13 5 . . 1 . 1 12 . . 9 . 10 14 16 14 Pick Up 92 | 1 4 5 3 3 2 1 1 1 5 4 . 3 7 5 . . 3 6 . . 1 1 2 . . . 2 . 2 5 1 5 8 3 8 Fast Attach 244 | 3 7 1 6 1 3 1 12 2 4 4 . 6 13 9 3 . . 14 . 3 5 3 9 . 2 . 24 4 4 14 . 31 14 9 33 Attach 43 | . . . 2 1 . . 1 1 1 1 2 2 . 3 . . . 4 . . . 1 . . . 1 3 . . 2 3 2 3 3 7 Detach 26 | . 1 . 1 . . . 1 . . . . 2 . 2 . . . 3 . . . . . . . . 4 1 . . 2 3 . 2 4 Swap 109 | . 2 7 8 4 . . 13 . 2 1 . 1 12 6 2 . 4 9 . . 2 . 2 . . . 1 . 2 3 1 6 7 7 7 Drop 281 | . 4 12 4 4 6 1 13 2 7 9 . 7 18 9 2 . 2 17 . 3 4 3 8 . . 2 25 2 4 24 1 32 17 10 29 Fire 817 | 1 49 20 24 10 . 12 73 . . . . 31 9 17 51 . 1 26 . 4 46 16 19 . . 29 9 54 . 56 38 20 53 51 98 Melee 377 | . . . 1 . . . . 9 17 . 1 . 42 5 12 . . 65 . 25 2 . 22 2 . . 30 . 3 3 1 56 13 44 24 Ram . | . . . . . . . . . . . . . . . . . . . . . . . . . . . . . . . . . . . . Kick . | . . . . . . . . . . . . . . . . . . . . . . . . . . . . . . . . . . . . Crush . | . . . . . . . . . . . . . . . . . . . . . . . . . . . . . . . . . . . . Escape Stasis 35 | . . . . . . . . . . . . . . . . . . 15 . . 5 . . . . . . . . . . . . 15 . Rewire 132 | . . . . . . . . . 72 . . . . . . . . . . . 31 . . . . . . . . 27 . . . . 2 Trap 15 | . . 4 . . . . . . . . . . . . . . . . . . . . . . . . 2 . 2 . . . . . 7 Miscellaneous . | . . . . . . . . . . . . . . . . . . . . . . . . . . . . . . . . . . . . Route ------- -11/Scrapyard -10/Materials (discovered 4 exits: *Mat x3 / *Min) -10/Mines (discovered 2 exits: *Mat x2) -9/Materials (discovered 4 exits: *Mat x3 / *Min) -9/Mines (discovered 4 exits: *Mat x2 / *Exi / [*Zio]) -9/Exiles (discovered 2 exits: *Min x2) -8/Mines (discovered 2 exits: *Mat x2) -8/Materials (discovered 4 exits: *Fac x2 / *Sto x2) -8/Storage -8/Recycling (discovered 2 exits: *Fac / [*Scr]) -8/Scraptown -6/Factory (discovered 2 exits: Low x2) -6/Waste -6/Factory (discovered 6 exits: *Fac x4 / *Low x2) -6/Lower Caves -6/Lower Caves (discovered 2 exits: *Fac / *Dat) -6/Data Miner -5/Proximity Caves -5/Factory (discovered 8 exits: *Fac x4 / Upp x2 / *Ext x2) -5/Waste -5/Factory (discovered 8 exits: *Fac x4 / *Upp x2 / *Ext x2) -5/Extension (discovered 3 exits: *Fac x2 / *Cet) -5/Cetus (discovered 2 exits: *Fac / *Arc) -5/Archives (discovered 3 exits: *Fac / *Hub x2) -5/Hub_04(d) (discovered 4 exits: *Fac x4) -4/Factory (discovered 2 exits: Upp x2) -4/Waste -4/Factory (discovered 6 exits: *Res x4 / *Upp x2) -4/Upper Caves -4/Upper Caves (discovered 2 exits: *Res / *War) -4/Warlord -3/Proximity Caves -3/Research (discovered 6 exits: *Res x3 / *Arm / *Tes x2) -2/Research (discovered 5 exits: *Acc x3 / *Qua x2) -1/Access (discovered 2 exits: *Sur / *Com) -1/Command To Epsilon Eridani History --------- Turn | Location | Event 8 | -11/Scrapyard | Discovered new exit (range 15) 31 | -11/Scrapyard | Entered Materials 45 | -10/Materials | Identified exit to Mines 219 | -10/Materials | Discovered new exit (range 8) 223 | -10/Materials | Central database locked down 311 | -10/Materials | Learned location of 2 exits from Subcaves 325 | -10/Materials | Build established: Mutant 344 | -10/Materials | Learned location of 1 exit from Recycling 367 | -10/Materials | Learned 2 Storage zone layouts 381 | -10/Materials | Learned location of Mines (-9) 391 | -10/Materials | Learned Materials stockpile data 402 | -10/Materials | Discovered new exit (range 6) 426 | -10/Materials | Learned Storage stockpile data 434 | -10/Materials | Discovered new exit (range 18) 598 | -10/Materials | Entered Mines 609 | -10/Mines | Found a Scrap Suit stashed away for nefarious purposes 614 | -10/Mines | Met a Derelict bent on vengeance 637 | -10/Mines | Learned location of 1 exit from Materials 677 | -10/Mines | Learned location of 1 exit from Materials 683 | -10/Mines | Found a hidden stash of uninstalled traps 752 | -10/Mines | Discovered new exit (range 16) 767 | -10/Mines | Found a damaged Exp. Sensor Array with a note attached 769 | -10/Mines | Found Prototype Device 769 | -10/Mines | Identified Exp. Sensor Array 777 | -10/Mines | Discovered new exit (range 9) 809 | -10/Mines | Build established: Scavenger-Mutant 940 | -10/Mines | Core integrity fell below 50% 992 | -10/Mines | Entered Materials 992 | -9/Materials | Accompanied by 1 ally 992 | -9/Materials | Evolved 2 slots: Utility x2 993 | -9/Materials | Identified exit to Mines 994 | -9/Materials | Identified exit to Materials 1001 | -9/Materials | Led the pair of lost Derelicts to an unsafe place 1216 | -9/Materials | Discovered exit to Materials (range 15) 1287 | -9/Materials | Entered Mines 1367 | -9/Mines | A weapon hastily lodged in a ceiling crevice suddenly fell to the ground 1374 | -9/Mines | Discovered exit to Materials (range 7) 1377 | -9/Mines | Received a Mining Laser from a helpful Derelict 1383 | -9/Mines | Met a Derelict testing a Signal Generator 1398 | -9/Mines | Learned location of 1 exit from Materials 1458 | -9/Mines | Assisted by bots powering up and referring to "LRC-V3" 1486 | -9/Mines | Discovered exit to Materials (range 8) 1487 | -9/Mines | Assembled infested the area 1491 | -9/Mines | A Derelict revealed a hidden shortcut to a safe place 1502 | -9/Mines | Deemed a non-threat by the Exiles lab entrance 1502 | -9/Mines | Discovered new exit (range 5) 1549 | -9/Mines | Entered Exiles 1549 | -9/Exiles | Accompanied by 5 allies 1550 | -9/Exiles | Identified exit to Mines 1560 | -9/Exiles | Met 8R-AWN 1567 | -9/Exiles | Met EX-HEX 1605 | -9/Exiles | Met EX-DEC 1611 | -9/Exiles | Learned location of Zion (-7) 1617 | -9/Exiles | Met EX-BIN 1623 | -9/Exiles | Aligned with FarCom system 1623 | -9/Exiles | Given EX-Vault access code 1631 | -9/Exiles | Opened EX-Vault 1635 | -9/Exiles | Found Modified TNC 1645 | -9/Exiles | Found Firepult 1658 | -9/Exiles | Warned to stay clear of 0b10 Research branches 1683 | -9/Exiles | Discovered exit to Mines (range 14) 1759 | -9/Exiles | Left Exiles lab with Modified TNC 1759 | -9/Exiles | Entered Mines 1759 | -8/Mines | Accompanied by 4 allies 1965 | -8/Mines | Discovered exit to Materials (range 9) 1988 | -8/Mines | Discovered exit to Materials (range 6) 2041 | -8/Mines | Entered Materials 2041 | -8/Materials | Accompanied by 1 ally 2041 | -8/Materials | Evolved 2 slots: Utility x2 2042 | -8/Materials | Identified exit to Storage 2043 | -8/Materials | Identified exit to Factory 2048 | -8/Materials | Build established: Scavenger-Scout 2406 | -8/Materials | Discovered exit to Factory (range 10) 2524 | -8/Materials | Central database locked down 2527 | -8/Materials | Entered Storage 2593 | -8/Storage | Identified exit to Recycling 2607 | -8/Storage | Central database locked down 2634 | -8/Storage | Used back door to open Recycling access 2642 | -8/Storage | Entered Recycling 2643 | -8/Recycling | Identified exit to Factory 2646 | -8/Recycling | Scanned before Scraplab entrance 3216 | -8/Recycling | Build established: Commander-Scout 3285 | -8/Recycling | Entered Scraplab 3288 | -8/Recycling | Discovered new exit (range 3) 3367 | -8/Recycling | Entered Scraptown 3367 | -8/Scraptown | Accompanied by 12 allies 3367 | -8/Scraptown | System corruption cleaned by C-Scrubber 3408 | -8/Scraptown | Visited Symbiants 3413 | -8/Scraptown | Visited Spacefarers 3483 | -8/Scraptown | Visited Fellowship of the Rings 3487 | -8/Scraptown | Visited Cyclists 3493 | -8/Scraptown | Visited Red Mages 3525 | -8/Scraptown | Visited Cave Peace 3530 | -8/Scraptown | Visited Assassins FH 3544 | -8/Scraptown | Discovered exit to Factory (range 13) 3577 | -8/Scraptown | Turned away by UFD registrar 3657 | -8/Scraptown | Build established: Commander-Mutant 3813 | -8/Scraptown | Entered Factory 3813 | -6/Factory | Accompanied by 12 allies 3813 | -6/Factory | Evolved 4 slots: Utility x4 3819 | -6/Factory | Identified exit to Lower Caves 3819 | -6/Factory | Watched by a mysterious "MATRIX" hacker. 3857 | -6/Factory | Sucked down chute 3857 | -6/Factory | Entered Waste 3866 | -6/Waste | Spotted C-40 Crusher 3869 | -6/Waste | Spotted C-40 Crusher 3901 | -6/Waste | Destroyed C-40 Crusher 3914 | -6/Waste | Destroyed C-40 Crusher 3928 | -6/Waste | Spotted C-40 Crusher 3935 | -6/Waste | Destroyed C-40 Crusher 3941 | -6/Waste | Spotted C-40 Crusher 3943 | -6/Waste | Lost 4 allies 3949 | -6/Waste | Spotted C-40 Crusher 3955 | -6/Waste | Destroyed C-40 Crusher 3958 | -6/Waste | Spotted C-40 Crusher 3959 | -6/Waste | Destroyed C-40 Crusher 3967 | -6/Waste | Destroyed C-40 Crusher 4008 | -6/Waste | Discovered new exit (range 19) 4022 | -6/Waste | Warlord forces began an assault 4057 | -6/Waste | 8 allies followed down the chute 4204 | -6/Waste | Build established: Hacker-Scout 4301 | -6/Waste | Entered Factory 4301 | -6/Factory | Accompanied by 22 allies 4380 | -6/Factory | Lost 3 allies 4459 | -6/Factory | Lost 7 allies 4505 | -6/Factory | Garrison activated, responded to threat 4651 | -6/Factory | First assault squad dispatched 4746 | -6/Factory | Identified exit to Factory 4824 | -6/Factory | Loaded intel: 6 fabricator locations 4894 | -6/Factory | Learned Extension security intel 4952 | -6/Factory | Learned location of Lower Caves (-6) 5027 | -6/Factory | Cargo convoy interrupted 5101 | -6/Factory | Learned location of Warlord (-4) 5175 | -6/Factory | Garrison activated, responded to threat 5206 | -6/Factory | Learned location of 1 exit from Factory 5220 | -6/Factory | Lost 5 parts (1p4u) 5236 | -6/Factory | Entered Lower Caves 5303 | -6/Lower Caves | Attracted the attention of an 0b10 checkpoint 5375 | -6/Lower Caves | Identified exit to Lower Caves 5498 | -6/Lower Caves | Build established: Hacker-Mutant 5580 | -6/Lower Caves | Learned Factory machine intel 5656 | -6/Lower Caves | Encountered a Warlord checkpoint 6119 | -6/Lower Caves | Entered another Lower Caves area 6143 | -6/Lower Caves | Discovered exit to Factory (range 9) 6149 | -6/Lower Caves | Found Alien Artifact 6149 | -6/Lower Caves | Identified Core Expander 6149 | -6/Lower Caves | Installed Core Expander, added new Weapon slot 6185 | -6/Lower Caves | Encountered a Warlord checkpoint 6250 | -6/Lower Caves | Spotted B-75 Beast 6897 | -6/Lower Caves | Destroyed B-75 Beast 6934 | -6/Lower Caves | Discovered new exit (range 12) 6950 | -6/Lower Caves | Learned location of Extension (-5) 6989 | -6/Lower Caves | Entered Data Miner 6989 | -6/Data Miner | Discovered new exit (range 6) 6995 | -6/Data Miner | Met Data Miner 7004 | -6/Data Miner | Learned location of Section 7 (-2) 7007 | -6/Data Miner | Acquired the access code to Warlord's prototype stash 7012 | -6/Data Miner | Received God Mode back door access code from Data Miner 7025 | -6/Data Miner | Entered Proximity Caves 7332 | -5/Proximity Caves | Discovered exit to Factory (range 9) 7335 | -5/Proximity Caves | Attracted the attention of an 0b10 checkpoint 7335 | -5/Proximity Caves | Entered Factory 7335 | -5/Factory | Evolved 2 slots: Utility x2 7336 | -5/Factory | Identified exit to Upper Caves 7336 | -5/Factory | Identified exit to Extension 7337 | -5/Factory | Identified exit to Factory 7338 | -5/Factory | Loaded intel: 249 machine locations 7414 | -5/Factory | Spotted B-75 Beast 7523 | -5/Factory | Declared boring by mysterious "MATRIX" hacker. 7765 | -5/Factory | Repaired Lrn. Missile Launcher+ 7832 | -5/Factory | Repaired Hyp. Mass Driver+? 7850 | -5/Factory | Fabricated Tri-rail Accelerator (x1) 7923 | -5/Factory | Fabricated CPS Tube (x1) 7926 | -5/Factory | Unchained authorized (1B-0RG) 7998 | -5/Factory | Fabricated Lgt. Neutrino Core (x1) 8007 | -5/Factory | Found Faulty Rocket Array 8093 | -5/Factory | Discovered exit to Factory (range 11) 8160 | -5/Factory | Destroyed 9 combat bots 8160 | -5/Factory | Discovered exit to Factory (range 17) 8166 | -5/Factory | Loaded intel: 107 trap records 8193 | -5/Factory | Build established: Hacker-Scout 8222 | -5/Factory | Learned Quarantine stockpile data 8266 | -5/Factory | Learned Extension security intel 8324 | -5/Factory | Learned location of 1 exit from Extension 8338 | -5/Factory | Learned Testing trap positions 8340 | -5/Factory | Learned 4 Proximity Caves zone layouts 8352 | -5/Factory | Learned 4 Extension zone layouts 8524 | -5/Factory | Incoming investigation squad redirected 8543 | -5/Factory | Fabricated Tri-rail Accelerator (x1) 8564 | -5/Factory | Build established: Hacker-Ninja 8583 | -5/Factory | Discovered exit to Factory (range 19) 8602 | -5/Factory | Central database locked down 8671 | -5/Factory | Fabricated Rocket Array (x1) 8787 | -5/Factory | Manually triggered Chute Trap 8787 | -5/Factory | Sucked down chute 8787 | -5/Factory | Entered Waste 8802 | -5/Waste | EMP discharged 8802 | -5/Waste | System corruption reached 10% 8805 | -5/Waste | Spotted C-40 Crusher 8813 | -5/Waste | Spotted C-40 Crusher 8813 | -5/Waste | Spotted C-40 Crusher 8813 | -5/Waste | Spotted C-40 Crusher 8824 | -5/Waste | Spotted C-40 Crusher 8824 | -5/Waste | Spotted C-40 Crusher 8837 | -5/Waste | Discovered new exit (range 12) 8846 | -5/Waste | Entered Factory 8928 | -5/Factory | Unchained authorized (1B-0RG) 8995 | -5/Factory | Spotted B-75 Beast 9023 | -5/Factory | Discovered exit to Upper Caves (range 18) 9266 | -5/Factory | Fabricated Lgt. Fission Core (x2) 9420 | -5/Factory | Cargo convoy interrupted 9583 | -5/Factory | Allied Derelicts emerged from ambush trap array 9668 | -5/Factory | Entered Extension 9669 | -5/Extension | Identified exit to Cetus 9752 | -5/Extension | Energy Cycler disabled 9753 | -5/Extension | Rescued a captive Derelict 9753 | -5/Extension | Rescued a captive Derelict 9754 | -5/Extension | Rescued a captive Derelict 9755 | -5/Extension | Rescued a captive Derelict 9850 | -5/Extension | Lost 5 allies 9926 | -5/Extension | Discovered exit to Factory (range 17) 10082 | -5/Extension | Central database locked down 10092 | -5/Extension | Lost 3 parts (2u1w) 10272 | -5/Extension | Entered Cetus 10272 | -5/Cetus | Accompanied by 6 allies 10273 | -5/Cetus | Identified exit to Archives 10279 | -5/Cetus | Spotted Cetus Guard 10279 | -5/Cetus | Spotted Cetus Guard 10282 | -5/Cetus | Spotted Cetus Guard 10283 | -5/Cetus | Spotted Cetus Guard 10290 | -5/Cetus | Destroyed Cetus Guard 10297 | -5/Cetus | Allies destroyed Cetus Guard 10297 | -5/Cetus | Destroyed Cetus Guard 10301 | -5/Cetus | Allies destroyed Cetus Guard 10330 | -5/Cetus | Build established: Hacker-Mutant 10394 | -5/Cetus | Spotted Cetus Guard 10404 | -5/Cetus | Spotted Cetus Guard 10408 | -5/Cetus | Spotted Cetus Guard 10413 | -5/Cetus | Allies destroyed Cetus Guard 10419 | -5/Cetus | Spotted Cetus Guard 10419 | -5/Cetus | Allies destroyed Cetus Guard 10420 | -5/Cetus | Destroyed Cetus Guard 10421 | -5/Cetus | Allies destroyed Cetus Guard 10425 | -5/Cetus | Discovered exit to Factory (range 22) 10430 | -5/Cetus | Met Revision 17 10573 | -5/Cetus | Entered Archives 10573 | -5/Archives | Accompanied by 4 allies 10630 | -5/Archives | Discovered new exit (range 22) 10639 | -5/Archives | Discovered exit to Factory (range 17) 10693 | -5/Archives | Discovered new exit (range 20) 10836 | -5/Archives | Unable to access archive contents 10912 | -5/Archives | Entered Hub_04(d) 10912 | -5/Hub_04(d) | Accompanied by 3 allies 10933 | -5/Hub_04(d) | Network Hub disabled 10940 | -5/Hub_04(d) | Network Hub disabled 10955 | -5/Hub_04(d) | Incoming investigation squad redirected 10962 | -5/Hub_04(d) | Central database locked down 10962 | -5/Hub_04(d) | Network Hub disabled 10975 | -5/Hub_04(d) | Network Hub disabled 10999 | -5/Hub_04(d) | Entered Factory 10999 | -4/Factory | Evolved 2 slots: Power x1, Propulsion x1 11012 | -4/Factory | Identified exit to Upper Caves 11025 | -4/Factory | Build established: Wizard-Mutant 11053 | -4/Factory | Sucked down chute 11053 | -4/Factory | Entered Waste 11055 | -4/Waste | Spotted C-40 Crusher 11056 | -4/Waste | Spotted C-40 Crusher 11068 | -4/Waste | Spotted C-40 Crusher 11068 | -4/Waste | Spotted C-40 Crusher 11123 | -4/Waste | Spotted C-40 Crusher 11123 | -4/Waste | Spotted C-40 Crusher 11203 | -4/Waste | Discovered new exit (range 13) 11207 | -4/Waste | Destroyed C-40 Crusher 11273 | -4/Waste | Warlord forces began an assault 11286 | -4/Waste | Allies destroyed C-40 Crusher 11287 | -4/Waste | Allies destroyed C-40 Crusher 11288 | -4/Waste | Allies destroyed C-40 Crusher 11306 | -4/Waste | Allies destroyed C-40 Crusher 11396 | -4/Waste | Entered Factory 11396 | -4/Factory | Accompanied by 19 allies 11435 | -4/Factory | Central database locked down 11489 | -4/Factory | Identified exit to Research 11497 | -4/Factory | Lost 3 allies 11616 | -4/Factory | Fabricated Exp. Propulsion Shielding (x1) 11632 | -4/Factory | Loaded intel: 97 trap records 11652 | -4/Factory | Fabricated Cld. Field Propulsion Drive (x1) 11677 | -4/Factory | Learned location of 2 exits from Factory 11712 | -4/Factory | Learned location of 1 exit from Proximity Caves 11757 | -4/Factory | Learned Armory stockpile data 11786 | -4/Factory | Learned Quarantine trap positions 11886 | -4/Factory | Fabricated Cld. Field Propulsion Drive (x1) 11953 | -4/Factory | Unchained authorized (1B-0RG) 11972 | -4/Factory | Lost 3 allies 12060 | -4/Factory | Found Prototype Launcher 12060 | -4/Factory | Identified Tesla Bomb Launcher 12107 | -4/Factory | Build established: Wizard-Ninja 12294 | -4/Factory | Entered Upper Caves 12527 | -4/Upper Caves | Spotted B-86 Titan 12604 | -4/Upper Caves | Build established: Wizard-Mutant 12612 | -4/Upper Caves | Lost 3 parts (1p2u) 12744 | -4/Upper Caves | Attracted the attention of an 0b10 outpost 12747 | -4/Upper Caves | Discovered new exit (range 7) 12780 | -4/Upper Caves | Entered another Upper Caves area 12781 | -4/Upper Caves | Identified exit to Warlord 12788 | -4/Upper Caves | Discovered exit to Research (range 5) 12847 | -4/Upper Caves | Learned Research garrison access intel 13026 | -4/Upper Caves | Entered Warlord 13145 | -4/Warlord | Received a Watcher feed algorithm from an ecstatic Tinkerer 13146 | -4/Warlord | Ran a Watcher feed algorithm 13204 | -4/Warlord | Opened Warlord's prototype stash 13206 | -4/Warlord | Found Prototype Hackware 13206 | -4/Warlord | Identified Ghost Barrier 13209 | -4/Warlord | Found Prototype Processor 13209 | -4/Warlord | Identified Exp. Core Analyzer 13231 | -4/Warlord | Found Prototype Device 13231 | -4/Warlord | Identified Exp. Phase Shifter 13234 | -4/Warlord | Found Prototype Device 13234 | -4/Warlord | Identified System Purifier 13243 | -4/Warlord | Met Warlord 13268 | -4/Warlord | Warlord's base attacked by MAIN.C 13277 | -4/Warlord | Found Prototype Energy Gun 13277 | -4/Warlord | Identified Vortex Shotgun 13281 | -4/Warlord | Found Prototype Energy Cannon 13281 | -4/Warlord | Identified Vortex Driver 13286 | -4/Warlord | Found Vortex Shotgun 13496 | -4/Warlord | Build established: Wizard-Sprinter 13534 | -4/Warlord | Spotted B-90 Cyclops 13618 | -4/Warlord | Warlord forces counterattacked 13683 | -4/Warlord | Spotted Executioner 13714 | -4/Warlord | Spotted Executioner 13744 | -4/Warlord | Spotted Striker 13790 | -4/Warlord | Lost 22 allies 13851 | -4/Warlord | Spotted Executioner 13854 | -4/Warlord | Destroyed Executioner 13943 | -4/Warlord | Warlord base infiltrated, sounded retreat 13952 | -4/Warlord | Spotted Striker 13985 | -4/Warlord | Spotted Striker 14039 | -4/Warlord | Spotted Striker 14058 | -4/Warlord | Spotted Striker 14058 | -4/Warlord | Spotted Striker 14099 | -4/Warlord | Lost 7 allies 14100 | -4/Warlord | Spotted Executioner 14109 | -4/Warlord | Spotted Striker 14125 | -4/Warlord | Spotted Striker 14147 | -4/Warlord | Attached CPS modules to LV-01A. 14175 | -4/Warlord | Spotted Striker 14178 | -4/Warlord | Spotted Executioner 14214 | -4/Warlord | Found Spectral Analyzer 14234 | -4/Warlord | Discovered new exit (range 14) 14243 | -4/Warlord | Lost 16 allies 14268 | -4/Warlord | Entered Proximity Caves 14268 | -3/Proximity Caves | Accompanied by 1 ally 14399 | -3/Proximity Caves | Spotted B-86 Titan 14473 | -3/Proximity Caves | Attracted the attention of an 0b10 checkpoint 14474 | -3/Proximity Caves | Entered Research 14474 | -3/Research | Evolved 2 slots: Propulsion x2 14475 | -3/Research | Identified exit to Armory 14476 | -3/Research | Loaded intel: 3 garrison access locations 14476 | -3/Research | Identified exit to Testing 14485 | -3/Research | Destroyed 11 combat bots 14515 | -3/Research | Identified exit to Research 14524 | -3/Research | Central database locked down 14591 | -3/Research | Found Fusion Bomb Launcher 14598 | -3/Research | Loaded intel: 5 recycling unit locations 14674 | -3/Research | Revision forces began assault on 0b10 14675 | -3/Research | Local machine network offline 14778 | -3/Research | Build established: Hacker-Scout 14822 | -3/Research | Spotted B-86 Titan 14842 | -3/Research | Spotted B-86 Titan 15138 | -3/Research | Build established: Hacker-Ninja 15149 | -3/Research | Found Prototype Launcher 15149 | -3/Research | Identified Hellfire Missile Launcher 15152 | -3/Research | Found Corrupted Hellfire Missile Launcher 15174 | -3/Research | Research terminal network offline 15250 | -3/Research | Spotted Striker 15251 | -3/Research | Spotted Striker 15258 | -3/Research | Destroyed Striker 15302 | -3/Research | Spotted Striker 15452 | -3/Research | Build established: Hacker-Scout 15459 | -3/Research | Spotted Striker 15507 | -3/Research | Entered another Research area 15507 | -2/Research | Warlord forces began assault on 0b10 15507 | -2/Research | Evolved 2 slots: Propulsion x1, Utility x1 15515 | -2/Research | Imp. Hacking Suite fried by hacking feedback 15520 | -2/Research | Identified exit to Quarantine 15520 | -2/Research | Identified exit to Access 15533 | -2/Research | Spotted B-90 Cyclops 15604 | -2/Research | Spotted B-90 Cyclops 15612 | -2/Research | Imp. Hacking Suite fried by hacking feedback 15617 | -2/Research | Research machine network offline 15629 | -2/Research | Repaired Broken Hyp. Railgun+? 15658 | -2/Research | Found Prototype Reactor 15658 | -2/Research | Identified Vortex Chain Reactor 15672 | -2/Research | Met up with Warlord 15684 | -2/Research | Repaired Broken Imp. Diametric Drive? 15951 | -2/Research | Found Exp. Core Analyzer 15958 | -2/Research | Spotted Striker 15973 | -2/Research | Borebot progress halted 16023 | -2/Research | Spotted Striker 16048 | -2/Research | Spotted Striker 16087 | -2/Research | Lost 3 allies 16158 | -2/Research | Spotted Executioner 16161 | -2/Research | Spotted Striker 16162 | -2/Research | Destroyed Executioner 16251 | -2/Research | Borebot progress halted 16295 | -2/Research | Spotted Striker 16295 | -2/Research | Spotted Striker 16314 | -2/Research | Spotted Executioner 16339 | -2/Research | Borebot progress halted 16389 | -2/Research | Destroyed Striker 16488 | -2/Research | Build established: Hacker-Ninja 16507 | -2/Research | Warlord invited to help at Command 16507 | -2/Research | Given Cave Seal Controls access code 16560 | -2/Research | Spotted Striker 16560 | -2/Research | Spotted Executioner 16575 | -2/Research | Spotted Executioner 16589 | -2/Research | Entered Access 16589 | -1/Access | Evolved 2 slots: Propulsion x1, Utility x1 16666 | -1/Access | Lost 6 allies 16707 | -1/Access | Destroyed 10 combat bots 16730 | -1/Access | Identified exit to Surface 16745 | -1/Access | Spotted B-99 Colossus 16776 | -1/Access | Fabricated Exp. Propulsion Shielding (x1) 16779 | -1/Access | Incoming investigation squad redirected 16833 | -1/Access | Identified exit to Command 16984 | -1/Access | Spotted B-99 Colossus 17078 | -1/Access | Destroyed 7 combat bots 17120 | -1/Access | Spotted B-99 Colossus 17120 | -1/Access | Spotted B-99 Colossus 17145 | -1/Access | Fabricated CPS Tube? 17188 | -1/Access | Repaired Hyp. Railgun+ 17200 | -1/Access | Adv. Hacking Suite fried by hacking feedback 17408 | -1/Access | Entered Command 17444 | -1/Command | Repaired Exp. Propulsion Shielding 17461 | -1/Command | Spotted B-99 Colossus 17522 | -1/Command | Disengaged cave seal 17522 | -1/Command | Derelicts emerged from the dark tunnel 17522 | -1/Command | Welcomed Warlord to Command 17591 | -1/Command | Lost 6 allies 17671 | -1/Command | Lost 4 allies 17683 | -1/Command | Spotted M Guard 17683 | -1/Command | Spotted M Guard 17683 | -1/Command | Spotted Combat Programmer 17683 | -1/Command | Spotted Combat Programmer 17763 | -1/Command | Lost 3 allies 17767 | -1/Command | Destroyed B-99 Colossus 17785 | -1/Command | Destroyed M Guard 17802 | -1/Command | Lost 5 allies 17808 | -1/Command | Warlord destroyed during the assault 17810 | -1/Command | Destroyed M Guard 17810 | -1/Command | All MAIN.C guards destroyed 17815 | -1/Command | Found Prototype Reactor 17815 | -1/Command | Identified Zero-point Reactor 17830 | -1/Command | Lost 5 parts (2u3w) 17893 | -1/Command | Phase Generator disabled 17979 | -1/Command | Discovered exit to Surface (range 15) 18041 | -1/Command | Build established: Scavenger-Scout 18131 | -1/Command | Disengaged cave seal 18131 | -1/Command | Derelicts emerged from the dark tunnel 18133 | -1/Command | Spotted B-99 Colossus 18250 | -1/Command | Spotted Alpha 7 18250 | -1/Command | Spotted Alpha 7 18250 | -1/Command | Spotted Striker 18250 | -1/Command | Spotted Striker 18250 | -1/Command | Spotted Executioner 18250 | -1/Command | Spotted Executioner 18250 | -1/Command | Spotted Executioner 18250 | -1/Command | Spotted Executioner 18408 | -1/Command | First assault squad dispatched 18423 | -1/Command | Incoming assault squad redirected 18427 | -1/Command | Incoming assault squad redirected 18440 | -1/Command | Spotted B-99 Colossus 18444 | -1/Command | Destroyed Executioner 18452 | -1/Command | Spotted B-99 Colossus 18477 | *** | Escaped! Last Messages --------------- 18471_ Knocked back. 18471_ Penetrated by Slug. 18471_ Adv. Weapon Cycler destroyed. 18471_ Penetrated by Slug. 18471_ Slug penetrates Reinforced Barrier. 18471_ Slug penetrates Wall. 18471_ Slug penetrates Reinforced Barrier. 18472_ The unstable cave ceiling collapses. 18474_ Knocked back. 18474_ Penetrated by Slug. 18474_ Slug penetrates Wall. 18474_ Knocked back. 18474_ Centrium Light Armor Plating destroyed. 18474_ Acquired 7 matter. 18475_ Wall collapses. 18475_ Acquired 7 matter. 18476_ Slug penetrates Earth. 18476_ Slug penetrates B-99 Colossus. [Achievement: True Flier] [Achievement: Travel Light] Map ----- +----------------------------------------------------+ | """"################ ##### ### """ #?##??#? | | "" #####?######### #####+### "" #######? | | ####### # " ## # ###?##?# | | ####### # " / ! # ######## | | = ####### ] # "%"#### ###############?# | | ! ####### ##" " # " ############?##?# | | % + ## # # " # " ! #########?####### | | ! # ##! ### ### "% #??###########?#? | | ###### #####+##### ####"""""#######?#?######### | | | [[ % ##########?######## | | ########+########+####" ########"###?####???#?? | | ####### * # % ##########???#? | | ####### * / #############?? | | # ! # ##??###?######? | | / # # #####??###?#?? | | # ! # #######?#####?# | | "# # = ############??# | | ##################"###" * *###############?? | | " ###############################?#?#??##### | | ! ########## # ;#;#;####?###########???? | | ########## ;####??###?#?#??#?? | | ## ## #BB ;#?#######??##?##?? | | !! # # #BB % % ^ ;#########??##????? | | %! % = % ###?###?#####?#???# | | ! !% %^ ;####?########????? | | "@ ##?##?###?#??#????? | | "" %^ ############?#?##?? | | 7 7 #?##??###?###?#???? | | ####;#;# % ##?##?#?##?##??#??? | | ########## # ^ #?###?####??##????# | | ############## BB ######?#?#?##?#???# | | #######?#?####### BB ##?#???###????????? | | ###?####?######## # #####;#?#?????????????#?? | | #?#######?###############?#??##???????#??#???#??# | | ################################??#?????????????? | | + ## # = ] #???????#????????? | | # ## # #???????????#?#??? | | # ## # #?????#??????????? | | ## ## # #???##?#?????????? | | ## ""T"" ######+# #????????????????? | | ## """"" + # ##???????????????? | | ## ### #######+#######????????????????? | | ## #?# #????????????????????? | | ?######+###### #????????????????????? | | #?##?## #?#??# #????????????????????? | | ####### #????# "" #????????????????????? | | ## ## #????# """" #????????????????????? | | ###### """" #########?????????????? | | ## ! "" # !#?????????????? | | ##### + #?????????????? | +----------------------------------------------------+ Best States ------------- Heat Dissipation 128 Coolant Potential 120 Energy Generation 70 Energy Capacity 700 Matter Stores 300 Matter Capacity 300 Sight Range 24 Robot Scan Range 20 Terrain Scan Range 24 Terrain Scan Density 210 ECM Strength 2 Cloak Strength 4 Power Amplification 30 Additional Mass Support 20 Corruption Block 40 Armor Coverage 225 Propulsion Shielding 90 Utility Shielding 66 Weapon Cycling 25 Phase Shifting 15 Evasion (%) 92 Targeting Accuracy 36 Launcher Accuracy 30 Target Analysis 6 Core Analysis 12 Offensive Hacking 72 Defensive Hacking 26 Authchip Count 1 Trap Extractor Capacity 8 Item Schematics ----------------- Plasma Cutter | -9/Materials | Scanalyzed Hacking Suite | -8/Materials | Hacked System Shield | -8/Materials | Hacked Hvy. Plasma Cannon | -8/Recycling | Hacked Weapon Cycler | -8/Recycling | Hacked CPS Tube | -6/Factory | Scanalyzed Hyp. Mass Driver | -6/Factory | Scanalyzed Cld. Aerolev Unit | -6/Factory | Extracted Propulsion Shielding | -6/Factory | Extracted Lgt. Fission Core | -6/Factory | Extracted Combat Drone Bay | -6/Data Miner | Free Lgt. Regenerative Plating | -6/Data Miner | Free Cld. Gravmag System | -6/Data Miner | Free Imp. Energy Well | -6/Data Miner | Free Hvy. Proton Missile Launcher | -6/Data Miner | Free Adv. Medium Treads | -6/Data Miner | Free Adv. Thermal Shield | -6/Data Miner | Free Phase Gun | -6/Data Miner | Free KE Penetrator | -6/Data Miner | Free Micro-nuke Launcher | -6/Data Miner | Free Force Lance | -6/Data Miner | Free Biometal Leg | -6/Data Miner | Free Arm. Heavy Treads | -6/Data Miner | Free Tri-rail Accelerator | -5/Factory | Hacked Lgt. Neutrino Core | -5/Factory | Scanalyzed Q-thruster | -5/Factory | Hacked Rocket Array | -5/Factory | Scanalyzed Impulse Thruster | -5/Factory | Hacked Quantum Capacitor | -5/Factory | Hacked Cld. Field Propulsion Drive | -4/Factory | Hacked Adv. Corruption Screen | -4/Factory | Hacked Com. HERF Cannon | -4/Factory | Hacked Adv. Coolant Injector | -4/Factory | Hacked Adv. Point Defense System | -4/Factory | Hacked Exp. Propulsion Shielding | -4/Factory | Hacked Linear Accelerator | -4/Factory | Hacked Hvy. Siege Treads | -4/Factory | Hacked Lrn. Terrain Scanner | -4/Factory | Hacked Exp. Cooling System | -4/Factory | Scanalyzed Imp. Quantum Reactor | -3/Research | Scanalyzed Enh. Nova Cannon | -2/Research | Hacked Adv. Heavy Siege Treads | -2/Research | Hacked Enh. Quantum Rifle | -2/Research | Hacked Imp. Diametric Drive | -2/Research | Scanalyzed Hyp. Railgun | -1/Access | Scanalyzed Robot Schematics ------------------ M-28 Smith | -8/Recycling | Hacked C-35 Carver | -6/Data Miner | Free S-27 Virus | -6/Data Miner | Free Y-64 Sentinel | -6/Data Miner | Free L-61 Swordsman | -6/Data Miner | Free W-44 Eye | -6/Data Miner | Free M-30 Cleanser | -6/Data Miner | Free G-67 Veteran | -6/Data Miner | Free M-36 Artificer | -4/Factory | Hacked Fabricated ------------ Tri-rail Accelerator | x1 | -5/Factory CPS Tube | x1 | -5/Factory Lgt. Neutrino Core | x1 | -5/Factory Tri-rail Accelerator | x1 | -5/Factory Rocket Array | x1 | -5/Factory Lgt. Fission Core | x2 | -5/Factory Exp. Propulsion Shielding | x1 | -4/Factory Cld. Field Propulsion Drive | x1 | -4/Factory Cld. Field Propulsion Drive | x1 | -4/Factory Exp. Propulsion Shielding | x1 | -1/Access CPS Tube | x1 | -1/Access Repaired ---------- Lrn. Missile Launcher | 35% | -5/Factory Hyp. Mass Driver | 28% | -5/Factory Hyp. Railgun | 70% | -2/Research | Broken Imp. Diametric Drive | 91% | -2/Research | Broken Hyp. Railgun | 32% | -1/Access Exp. Propulsion Shielding | 19% | -1/Command Studied --------- Flight Unit | -9/Materials | Hacked Lgt. Assault Rifle | -9/Materials | Hacked Lgt. Ion Engine | -9/Materials | Hacked Imp. Grenade Launcher | -8/Materials | Hacked Lrn. Missile Launcher | -6/Factory | Hacked Hvy. Flail | -6/Factory | Hacked Mic. Nuclear Core | -6/Factory | Hacked Lgt. Angular Momentum Engine | -6/Factory | Hacked Hyp. Mass Driver | -5/Factory | Hacked Lgt. Antimatter Reactor | -3/Research | Hacked Hyp. Railgun | -2/Research | Hacked Alien Tech Used ----------------- Core Expander Achievements -------------- 404 Travel Light True Flier Challenges ------------ None Game ------ Seed CloakPersonalReplica Manual? 0 Play Time 06:58:06 Cumulative 639.0 hours Start 2026.03.16 @ 02:54:49 End 2026.03.16 @ 20:32:25 Sessions 3 Manual Loads 0 Difficulty Rogue Special Mode None Game No. 204 Rogue 204 Adventurer 0 Explorer 0 Win Type 0 Total 23 Types 9/1/6/1/1/0/1/1/1/2 Lore% 92 Gallery% 86 Achievement% 79 Wizard Run 0 Options --------- Layout 1 ASCII 0 Keyboard 0 Movement Mouse Keybinds 0 Fullscreen 2 Font 32/SmallcapsGlow Map View 50x35 Zoom Use 0% Tactical HUD 1 Map Filters NONE Filters NONE Steam 1 RUN: d6a8369f-6844-4410-9435-99f326e403ab